 Dungeon Crawl Stone Soup version 0.32-a0-128-g77eb882913 (webtiles) character file.

Game seed: 8115743448103425693

19875719 TheViccler the Heavyweight Champion (level 27, 419/419 HPs)
             Began as a Troll Fighter on Feb 7, 2024.
             Was a High Priest of Wu Jian.
             Escaped with the Orb
             ... and 15 runes on Feb 8, 2024!
             The game lasted 06:26:26 (77013 turns).

TheViccler the Heavyweight Champion (TrFi)         Turns: 77013, Time: 06:26:27

Health: 419/419    AC: 40    Str: 36    XL:     27
Magic:  24/28      EV: 23    Int: 11    God:    Wu Jian [*****.]
Gold:   9976       SH: 35    Dex:  9    Spells: 21/34 levels left

rFire   + +          .
                       - Unarmed
rCold   + + +        Q - +8 tower shield {rN+}
rNeg    + + .        (body armour currently unavailable)
rPois   ∞            P - +1 hat "Buexkat" {Will+ Int+3 Dex-2}
rElec   +            G - +0 cloak of Purpose {rF+}
rCorr   .            (gloves unavailable)
SInv    .            (boots unavailable)
Will    +++..        h - dreamshard necklace {Acrobat *Dream}
Stlth   +            A - ring of the Inquisitive Lives {rC++ EV+5 Str+4 Dex-2}
HPRegen 1.69/turn    o - ring of protection from fire
MPRegen 0.21/turn

%: acrobat, clarity
@: statue-form, studying 10 skills, very slow
A: slow and powerful, torment resistance 1, boosted hp, large, unfitting armour,
claws 3, regeneration 1, (shaggy fur 1), (tough skin 1), beak, large bone plates
1, clarity, cold resistance 1, dopey 1, noise suppression
0: Orb of Zot
}: 15/15 runes: decaying, serpentine, slimy, silver, golden, iron, obsidian,
icy, bone, abyssal, demonic, glowing, magical, fiery, dark
a: Begin Untransformation, Renounce Religion, Wall Jump, Serpent's Lash,
Heavenly Storm


You escaped.
You worshipped Wu Jian.
Wu Jian was extremely pleased with you.
You were a living statue of rough stone.
You visited 18 branches of the dungeon, and saw 86 of its levels.
You visited Pandemonium 1 time, and saw 17 of its levels.
You visited the Abyss 2 times.
You visited 1 ziggurat, and saw 7 of its levels.
You also visited: Trove, Gauntlet, Ice Cave and Wizlab.

You collected 15640 gold pieces.
You spent 5664 gold pieces at shops.

Inventory:

Missiles
 c - 6 throwing nets
Armour
 n - the +0 kite shield of the Pink Corner {Will+ MP-9 Dex+3}
   (You acquired it on level 3 of the Crypt)

   Dex+3:     It affects your dexterity (+3).
   Will+:     It increases your willpower.
   MP-9:      It affects your magic capacity (-9).
 t - the +1 cloak of Starlight {*Dazzle EV+4 Stlth--}
   (You found it on level 3 of the Depths)

   *Dazzle:   It may blind those who miss an attack against the wearer in melee
   combat.
   EV+4:      It affects your evasion (+4).
   Stlth--:   It makes you much less stealthy.
 F - a +1 cloak of willpower
 G - the +0 cloak of Purpose (worn) {rF+}
   (You found it on level 3 of the Swamp)

   rF+:       It protects you from fire.
 L - the +4 dragonskin cloak
   (You took it off Tiamat on level 1 of the Realm of Zot)

   Avatar's Aegis: It grants the wearer a chance to resist fire, cold, poison,
   electricity, acid, and negative energy.
 O - a +0 kite shield of reflection
 P - the +1 hat "Buexkat" (worn) {Will+ Int+3 Dex-2}
   (You acquired it on level 1 of a ziggurat)

   Int+3:     It affects your intelligence (+3).
   Dex-2:     It affects your dexterity (-2).
   Will+:     It increases your willpower.
 Q - a +8 tower shield of positive energy (worn)
Jewellery
 b - the ring of the Tortoise {AC+8}
   (You took it off a deep elf demonologist on level 3 of the Elven Halls)

   [ring of protection]

   AC+8:      It affects your AC (+8).
 d - a ring of willpower
 f - the amulet "Gaothun" {Spirit +Inv Str+6 Int-2 Dex-4}
   (You found it on level 3 of the Crypt)

   [amulet of guardian spirit]

   Spirit:    It causes incoming damage to be divided between your reserves of
   health and magic.
   Str+6:     It affects your strength (+6).
   Int-2:     It affects your intelligence (-2).
   Dex-4:     It affects your dexterity (-4).
   +Inv:      It lets you turn invisible.
 h - the dreamshard necklace (around neck) {Acrobat *Dream}
   (You bought it in a shop on level 4 of the Depths)

   [amulet of the acrobat]

   *Dream:    It absorbs a single lethal wound into itself, holding its wearer
   just short of death and releasing dream-creatures to guard them.
   Acrobat:   It increases your evasion while moving and waiting.
 o - a ring of protection from fire (right claw)
 y - the ring of Jilish {Fly rPois rCorr Str-5 Int+4}
   (You found it in Pandemonium)

   [ring of poison resistance]

   Str-5:     It affects your strength (-5).
   Int+4:     It affects your intelligence (+4).
   rPois:     It protects you from poison Fly: It grants you flight.
   rCorr:     It protects you from acid and corrosion.
 A - the ring of the Inquisitive Lives (left claw) {rC++ EV+5 Str+4 Dex-2}
   (You found it in a Gauntlet)

   [ring of evasion]

   EV+5:      It affects your evasion (+5).
   Str+4:     It affects your strength (+4).
   Dex-2:     It affects your dexterity (-2).
   rC++:      It greatly protects you from cold.
 E - an amulet of regeneration
 M - the ring "Anoaxt" {Fire +Blink rElec rN++ Will-}
   (You took it off an efreet in Pandemonium)

   [ring of fire]

   Fire:      It enhances your fire magic.
   rF+:       It protects you from fire.
   rC-:       It makes you vulnerable to cold.
   rElec:     It insulates you from electricity.
   rN++:      It greatly protects you from negative energy.
   Will-:     It decreases your willpower.
   +Blink:    It lets you blink.
 R - the ring "Zaeniet" {Wiz rC+ SInv}
   (You bought it in a shop on level 4 of the Depths)

   [ring of wizardry]

   Wiz:       It improves your spell success rate.
   rC+:       It protects you from cold.
   SInv:      It lets you see invisible.
 S - a ring of resist corrosion
Talismans
 w - a granite talisman (active)
Wands
 k - a wand of digging (25)
Scrolls
 i - 6 scrolls of silence
 p - 8 scrolls of fog
 q - 13 scrolls of poison
 v - a scroll of enchant armour
 z - 3 scrolls of enchant weapon
 C - 8 scrolls of fear
 I - 5 scrolls of blinking
 K - 3 scrolls of summoning
 N - 22 scrolls of teleportation
 W - 6 scrolls of revelation
Potions
 a - 8 potions of might
 e - 30 potions of curing
 g - 10 potions of enlightenment (quivered)
 j - 7 potions of mutation
 l - 2 potions of haste
 m - 8 potions of cancellation
 r - 8 potions of attraction
 s - 12 potions of lignification
 u - 2 potions of magic
 x - 11 potions of berserk rage
 B - 5 potions of ambrosia
 D - 4 potions of heal wounds
 J - 7 potions of invisibility
 Y - 3 potions of resistance
Miscellaneous
 H - the horn of Geryon
 T - a phial of floods
 U - a condenser vane
 X - a lightning rod (4/4)
 Z - a phantom mirror


   Skills:
 O Level 27 Fighting
 O Level 27 Dodging
 O Level 27 Shields
 O Level 27 Unarmed Combat
 - Level 4.4 Spellcasting
 + Level 20.7 Translocations
 - Level 4.4 Air Magic
 - Level 0.2 Evocations
 - Level 25.0 Shapeshifting


You had 21 spell levels left.
You knew the following spells:

 Your Spells              Type           Power      Damage    Failure   Level
a - Blink                 Tloc           96%        N/A       0%          2
b - Lesser Beckoning      Tloc           96%        N/A       0%          2
c - Vhi's Electric Charg  Tloc/Air       60%        N/A       1%          4
d - Apportation           Tloc           96%        N/A       0%          1
e - Manifold Assault      Tloc           48%        N/A       1%          4

Your spell library contained the following spells:

 Spells                   Type           Power      Damage    Failure   Level
 Gell's Gravitas          Tloc           48%        N/A       0%          3
 Teleport Other           Tloc           48%        N/A       0%          3
 Momentum Strike          Conj/Tloc      50%        3d9       1%          2
 Volatile Blastmotes      Fire/Tloc      50%        2d14      1%          3
 Passage of Golubria      Tloc           48%        N/A       1%          4
 Dispersal                Tloc           24%        N/A       1%          6
 Dimensional Bullseye     Hex/Tloc       12%        N/A       3%          4
 Summon Forest            Summ/Tloc      12%        N/A       9%          5
 Shock                    Conj/Air       28%        1d4       10%         1
 Swiftness                Air            12%        N/A       11%         3
 Mercury Vapours          Alch/Air       14%        N/A       14%         2
 Cigotuvi's Dreadful Rot  Necr/Alch/Air  10%        N/A       19%         2
 Foxfire                  Conj/Fire      8%         2x1d4     22%         1
 Kiss of Death            Conj/Necr      8%         2d6       22%         1
 Magic Dart               Conj           8%         1d3       22%         1
 Necrotise                Necr           8%         1d4       22%         1
 Slow                     Hex            8%         N/A       22%         1
 Sting                    Conj/Alch      8%         1d3       22%         1
 Summon Small Mammal      Summ           8%         N/A       22%         1
 Disjunction              Tloc           24%        N/A       30%         8
 Call Imp                 Summ           4%         N/A       34%         2
 Ensorcelled Hibernation  Hex/Ice        4%         N/A       34%         2
 Jinxbite                 Hex            4%         N/A       34%         2
 Scorch                   Fire           4%         2d5       34%         2
 Searing Ray              Conj           4%         2d4       34%         2
 Mephitic Cloud           Conj/Alch/Air  5%         N/A       36%         3
 Airstrike                Air            6%         2d(1-17)  36%         4
 Call Canine Familiar     Summ           2%         N/A       56%         3
 Confusing Touch          Hex            2%         N/A       56%         3
 Dazzling Flash           Conj/Hex       4%         N/A       56%         3
 Frozen Ramparts          Ice            4%         1d1       56%         3
 Fugue of the Fallen      Necr           2%         N/A       56%         3
 Hailstorm                Conj/Ice       2%         3d5       56%         3
 Inner Flame              Hex/Fire       2%         N/A       56%         3
 Ozocubu's Armour         Ice            2%         N/A       56%         3
 Passwall                 Erth           2%         N/A       56%         3
 Sigil of Binding         Hex            2%         N/A       56%         3
 Stone Arrow              Conj/Erth      4%         3d7       56%         3
 Summon Ice Beast         Ice/Summ       2%         N/A       56%         3
 Vampiric Draining        Necr           2%         2d6       56%         3
 Summon Lightning Spire   Summ/Air       7%         N/A       67%         4
 Anguish                  Hex/Necr       1%         N/A       92%         4
 Animate Armour           Summ/Erth      4%         N/A       92%         4
 Animate Dead             Necr           2%         N/A       92%         4
 Brom's Barrelling Bould  Conj/Erth      2%         2d3       92%         4
 Cause Fear               Hex            1%         N/A       92%         4
 Dispel Undead            Necr           2%         3d7       92%         4
 Flame Wave               Conj/Fire      2%         2d4       92%         4
 Fulminant Prism          Conj/Alch      1%         3d5       92%         4
 Ignite Poison            Fire/Alch      2%         N/A       92%         4
 Leda's Liquefaction      Alch/Erth      1%         N/A       92%         4
 Martyr's Knell           Necr/Summ      2%         N/A       92%         4
 Olgreb's Toxic Radiance  Alch           2%         N/A       92%         4
 Petrify                  Alch/Erth      2%         N/A       92%         4
 Sticky Flame             Fire/Alch      2%         2d4       92%         4
 Summon Blazeheart Golem  Fire/Summ      2%         N/A       92%         4
 Arcjolt                  Conj/Air       3%         1d13      95%         5
 Silence                  Hex/Air        3%         N/A       95%         5
 Freezing Cloud           Conj/Ice/Air   2%         6-21      98%         5
 Alistair's Intoxication  Alch           1%         N/A       99%         5
 Borgnjor's Vile Clutch   Necr/Erth      1%         N/A       99%         5
 Curse of Agony           Necr           2%         N/A       99%         5
 Fireball                 Conj/Fire      1%         3d3       99%         5
 Irradiate                Conj/Alch      1%         3d12      99%         5
 Iskenderun's Battlesphe  Conj           2%         2d6       99%         5
 Metabolic Englaciation   Hex/Ice        1%         N/A       99%         5
 Summon Mana Viper        Hex/Summ       2%         N/A       99%         5
 Yara's Violent Unravell  Hex/Alch       1%         3d3       99%         5
 Bombard                  Conj/Erth      1%         9d1       100%        6
 Conjure Ball Lightning   Conj/Air       3%         3x3d6     100%        6
 Death Channel            Necr           1%         N/A       100%        6
 Eringya's Noxious Bog    Alch           1%         4d6       100%        6
 Plasma Beam              Fire/Air       3%         2x1d13    100%        6
 Sculpt Simulacrum        Ice/Alch       1%         N/A       100%        6
 Starburst                Conj/Fire      1%         6d3       100%        6
 Summon Cactus Giant      Summ           1%         N/A       100%        6
 Enfeeble                 Hex            1%         N/A       100%        7
 Haunt                    Necr/Summ      1%         N/A       100%        7
 Monstrous Menagerie      Summ           1%         N/A       100%        7
 Orb of Destruction       Conj           1%         9d5       100%        7
 Ozocubu's Refrigeration  Ice            1%         4d7       100%        7
 Spellforged Servitor     Conj/Summ      1%         N/A       100%        7
 Summon Hydra             Summ           1%         N/A       100%        7
 Borgnjor's Revivificati  Necr           1%         N/A       100%        8
 Discord                  Hex            1%         N/A       100%        8
 Ignition                 Fire           1%         3d3       100%        8
 Infestation              Necr           1%         N/A       100%        8
 Lehudib's Crystal Spear  Conj/Erth      1%         10d2      100%        8
 Death's Door             Necr           1%         N/A       100%        9
 Fire Storm               Conj/Fire      1%         7d1       100%        9
 Sublimation of Blood     Necr           Unusable   N/A       N/A         2

Dungeon Overview and Level Annotations

Branches:
Dungeon (15/15)            Temple (1/1) D:7            Lair (5/5) D:9
  Swamp (4/4) Lair:2        Snake (4/4) Lair:2        Slime (5/5) Lair:4
    Orc (2/2) D:11            Elf (3/3) Orc:2        Vaults (5/5) D:14
  Crypt (3/3) Vaults:3       Tomb (3/3) Crypt:3      Depths (4/4) D:15
   Hell (visited)             Dis (7/7) Hell            Geh (7/7) Hell
    Coc (7/7) Hell            Tar (7/7) Hell            Zot (5/5) Depths:4
  IceCv (visited)          WizLab (visited)         Gauntlet (visited)

Altars:
Ashenzari
Cheibriados
Dithmenos
Elyvilon
Fedhas
Gozag
Hepliaklqana
Kikubaaqudgha
Makhleb
Nemelex Xobeh
Okawaru
Qazlal
Ru
Sif Muna
Trog
Uskayaw
Vehumet
Wu Jian
Xom
Yredelemnul
Zin
The Shining One
Jiyva

Shops:
D:12 =   Orc:2 [*[[   Elf:1 :==[   Elf:2 [   Snake:1 (!?[   Snake:2 ?
Snake:3 =:(*   Vaults:2 (   Vaults:3 =   Vaults:4 [   Depths:1 ?   Depths:4 =::

Portals:
Hell: Depths:1 Depths:2 Depths:3 Depths:4
Abyss: Depths:3
Pandemonium: Depths:2


Innate Abilities, Weirdness & Mutations

You are a living statue of rough stone.
Your actions are slow, but your melee attacks are powerful.
You are resistant to unholy torment.
Your maximum health is greatly increased.
Your equipment is partially melded.
You are too large for most types of armour.
You are immune to poison.
You have claws for hands.
Your natural rate of healing is unusually fast.
((You are covered in fur. (AC +1)))
((You have tough skin. (AC +1)))
You have a beak for a mouth.
You are partially covered in large bone plates. (SH +4)
You possess an exceptional clarity of mind.
Your flesh is cold resistant. (rC+)
You are dopey. (Int -2)
You passively dampen the noise of your surroundings.


Message History

The fireball engulfs you but does no damage.
Casting: Manifold Assault (safe; 1% risk of failure)
Confirm with . or Enter, or press ? or * to list all spells.
Space momentarily warps into an impossible shape!
You closely miss the sun demon. You eviscerate the sun demon!!!!
You kill the sun demon!
The Council accepts your kill.
Unknown command.
Casting: Manifold Assault (safe; 1% risk of failure)
Confirm with . or Enter, or press ? or * to list all spells.
Space momentarily warps into an impossible shape!
You barely miss the sun demon. You barely miss the balrug.
You block the sun demon's attack.
Unknown command.
You spin and attack the sun demon repeatedly.
You claw the sun demon! Your peck misses the sun demon.
The sun demon is moderately wounded.
You eviscerate the sun demon!!!!
You kill the sun demon!
The Council accepts your kill.
You can now summon a storm of heavenly clouds to empower your attacks.
The balrug gestures at you. You block the pyre arrow.
You see here a +0 leather armour of cold resistance.
You spin and attack the balrug repeatedly.
You scratch the balrug but do no damage.
The balrug is almost dead.
You eviscerate the balrug!!!!
You kill the balrug!
The Council accepts your kill.
There is a stone staircase leading up here.
You climb upwards.
There is a stone staircase leading down here.
Unknown command.
Casting: Manifold Assault (safe; 1% risk of failure)
Confirm with . or Enter, or press ? or * to list all spells.
Okay, then.
You see here a deep dwarf skeleton.
There is a staircase leading out of the dungeon here.
You have escaped!

######## ##### ##......####I..#
##........#.....##
#..####..##......#
#.....##.#.......## ######
####......###...##...#####....#
.......##......###.÷.÷...####.#
####...##÷....## ##......# ##.#
##............# #...##.# #..#
##.#.....###### ##.÷.##.###.##


There were no monsters in sight!

Vanquished Creatures
  Cerebov (Pan)
  Antaeus (Coc:7)
  Asmodeus (Geh:7)
  the Royal Jelly (Slime:5)
  Ereshkigal (Tar:7)
  Gloorx Vloq (Pan)
  Ignacio (Pan)
  the Serpent of Hell (Tar:7)
  Mnoleg (Pan)
  A seraph (Pan)
  Lom Lobon (Pan)
  9 dread liches
  6 ancient liches
  Tiamat (Zot:1)
  Dispater (Dis:7)
  7 orbs of fire
  The ghost of Lioda the Conqueror, a legendary MiBe of Trog (Zot:4)
  Mennas (Pan)
  3 juggernauts (Dis:7)
  The ghost of Beluak the Slayer, a veteran OnAl of Vehumet (Crypt:3)
  The ghost of Tang the Slayer, a master DsGl of Makhleb (Vaults:3)
  The ghost of Switch the Slayer, a veteran DDFi of Makhleb (Vaults:3)
  Sojobo (Depths:1)
  29 royal mummies
  3 shard shrikes
  9 Killer Klowns
  11 pandemonium lords
  Vashnia (Snake:4)
  Saint Roka (Snake:2)
  18 caustic shrikes
  2 curse toes
  Bai Suzhen (Depths:1)
  9 golden dragons
  Geryon (Hell)
  Nikola (Swamp:2)
  16 bone dragons
  10 profane servitors
  Norris (Depths:1)
  A pearl dragon (Pan)
  22 Brimstone Fiends
  21 Tzitzimimeh
  15 doom hounds
  20 iron giants
  5 electric golems
  8 hellephants
  25 tentacled monstrosities
  Zenata (Crypt:1)
  23 Ice Fiends
  15 liches
  25 Hell Sentinels
  Rupert (D:14)
  10 tainted leviathans
  2 deep elf blademasters (Elf:3)
  8 titans
  7 quicksilver dragons
  A walking frostbound tome (Depths:3)
  27 Orb Guardians
  Asterion (Vaults:2)
  4 deep elf master archers (Elf:3)
  An eldritch tentacle (Pan)
  20 acid blobs
  14 sphinxes
  21 Executioners (Pan)
  14 searing wretches
  2 tentacled starspawn (Abyss:4)
  38 ancient champions
  The ghost of LDflipp the Fetichist, an adept KoBr of Wu Jian (Snake:4)
  5 thorn hunters
  13 death cobs
  10 shadow dragons
  Agnes (D:14)
  Roxanne (Elf:1)
  Donald (Snake:4)
  5 draconian monks
  15 daevas (Pan)
  5 nagarajas
  17 storm dragons
  9 quicksilver elementals
  10 rockslimes
  9 tengu reavers
  3 fenstrider witches (Pan)
  7 demonspawn warmongers (Pan)
  7 revenants
  The ghost of Kiciri the Impaler, an adept DsGl of Nemelex Xobeh (Snake:3)
  12 azure jellies
  11 narguns
  The ghost of Worr the Marksdemigod, a journeyman DgHu (Snake:3)
  3 draconian knights
  13 protean progenitors
  8 iron dragons
  26 balrugs
  22 frost giants
  5 deep elf sorcerers
  Aizul (Elf:1)
  27 fire giants
  7 draconian shifters
  2 curse skulls (Pan)
  5 deep elf elementalists
  14 draconian scorchers
  24 angels
  Louise (D:14)
  2 ghost moths (Zot:5)
  21 vault wardens
  8 draconian stormcallers
  A spectral juggernaut (Tar:6)
  2 spectral caustic shrikes
  3 orc warlords
  8 shard shrike simulacra
  11 ghouls
  23 cacodemons
  17 stone giants
  2 broodmothers (Pan)
  11 demonspawn corrupters (Pan)
  32 reapers
  A spriggan defender (Depths:3)
  9 demonspawn blood saints (Pan)
  10 draconian annihilators
  13 ophanim (Pan)
  16 ironbound preservers
  4 caustic shrike skeletons (Pan)
  18 very ugly things
  17 quicksilver oozes
  5 ironbound thunderhulks
  6 juggernaut skeletons (Pan)
  8 formless jellyfish
  6 vampire knights
  10 putrid mouths
  22 elemental wellsprings
  15 green draconians
  10 deep elf demonologists
  6 demonspawn black suns
  6 deep elf annihilators
  4 eleionomae (Swamp:2)
  17 yellow draconians
  16 black draconians
  16 dire elephants
  10 bennus
  9 deep elf death magi
  A spark wasp (shapeshifter) (Vaults:5)
  30 apis (Pan)
  42 war gargoyles
  2 spectral titans (Tar:2)
  Azrael (D:14)
  14 white draconians
  A minotaur (Gauntlet)
  7 purple draconians
  15 red draconians
  10 wendigos
  13 spark wasps
  7 lorocyprocas
  8 bunyips
  5 eidola
  17 ettins
  28 iron golems
  A merfolk javelineer (Zig:7)
  21 green deaths
  11 jiangshi
  21 mummy priests
  19 blizzard demons
  4 crystal guardians
  2 kraken zombies (Hell)
  5 deep elf high priests
  Josephine (D:14)
  4 shambling mangroves
  2 entropy weavers
  5 rakshasas
  23 salamander tyrants
  The ghost of PirateVox the Grappler, a journeyman TrMo of Hepliaklqana (Orc:1)
  13 yaktaur captains
  37 vault guards
  Harold (D:10)
  22 fire dragons
  Fannar (D:11)
  11 great orbs of eyes
  4 spectral spriggans
  5 juggernaut simulacra
  4 hell beasts (Pan)
  3 ghost crabs
  22 ice dragons
  16 ironbound frosthearts
  7 ogre magi
  2 spriggan zombies
  A peacekeeper (Vaults:2)
  5 alligators
  20 hydras
  5 spriggan air magi
  5 caustic shrike simulacra (Coc:7)
  A quicksilver dragon skeleton (Crypt:1)
  A merfolk avatar (Zig:7)
  A sphinx zombie (Zig:5)
  14 anacondas
  4 stokers
  A death knight (D:9)
  5 boulder beetles
  A merfolk aquamancer (Zig:7)
  A catoblepas (Zig:6)
  12 two-headed ogres
  5 deep troll shamans
  53 hell hogs
  8 centaur warriors
  9 death yaks
  6 deep troll earth magi
  44 dancing weapons
  6 demonic crawlers (Pan)
  15 naga warriors
  2 thrashing horrors (Abyss:4)
  A spectral dire elephant (Tar:2)
  A spectral naga (Tar:2)
  9 vampire magi
  8 shock serpents
  A titan zombie (Depths:1)
  6 naga sharpshooters
  13 tengu warriors
  40 death scarabs
  2 occultists
  6 spriggan berserkers
  An orc high priest (Orc:2)
  7 hell knights
  A spectral storm dragon (Tar:2)
  4 spriggans
  68 sun demons
  3 titan skeletons
  18 deep elf knights
  28 sixfirhies
  24 crystal echidnas
  A storm dragon zombie (Depths:1)
  4 spectral death yaks (Lair:5)
  2 wretched stars (Abyss:4)
  A fire crab (Zig:6)
  3 hellephant skeletons (Pan)
  11 salamander mystics
  76 soul eaters
  2 spectral anacondas
  6 skysharks
  8 iron trolls
  A deep troll (shapeshifter) (Depths:2)
  20 shadow wraiths
  A spatial maelstrom (Abyss:4)
  5 quicksilver dragon simulacra
  4 goliath frogs
  13 flayed ghosts
  A spark wasp zombie (Depths:1)
  7 mana vipers
  A golden dragon zombie (Crypt:1)
  25 skeletal warriors
  14 bog bodies
  13 swamp dragons
  An orb spider (shapeshifter) (Vaults:5)
  23 shadow demons
  A glowing orange brain (shapeshifter) (Depths:4)
  4 glowing orange brains
  5 obsidian statues
  12 cherubim (Pan)
  6 sun moths (Pan)
  A sun moth (shapeshifter) (Vaults:5)
  2 mana vipers (shapeshifter) (Vaults:5)
  3 orange crystal statues
  A sea snake (Zig:7)
  4 spriggan druids
  An anaconda skeleton (Hell)
  A bunyip skeleton (Tomb:1)
  A lightning spire (Gauntlet)
  15 deep elf archers
  3 harpies (Vaults:3)
  15 ironbound convokers
  4 arcanists
  11 phantasmal warriors
  A spectral alligator (Tar:2)
  An iron dragon zombie (Crypt:3)
  39 deep trolls
  A lindwurm (Vaults:3)
  8 naga ritualists
  12 necromancers
  A spriggan simulacrum (Coc:1)
  A wolf spider zombie (Crypt:1)
  A stone giant zombie (Crypt:3)
  29 deep elf pyromancers
  17 orc knights
  7 orc sorcerers
  14 deep elf zephyrmancers
  An oklob plant (Lair:1)
  A broodmother zombie (Crypt:3)
  8 shining eyes
  4 cyclopes
  36 ugly things
  6 manticores
  14 elephants
  3 fauns (Zot:3)
  3 will-o-the-wisps
  An alligator skeleton (Hell)
  23 salamanders
  5 worldbinders (Abyss:4)
  A kobold blastminer (Orc:2)
  A centaur zombie (Crypt:3)
  A dire elephant zombie (Crypt:3)
  A water nymph (Abyss:4)
  3 meliai (D:15)
  A jorogumo skeleton (Crypt:1)
  35 black mambas
  29 moths of wrath
  4 guardian serpents
  An apocalypse crab (Abyss:4)
  2 water nymphs (shapeshifter)
  A frost giant skeleton (Crypt:3)
  A torpor snail (shapeshifter) (Vaults:4)
  A guardian serpent (shapeshifter) (Vaults:5)
  3 rust devils
  31 smoke demons
  3 titan simulacra
  6 eyes of devastation
  An alligator snapping turtle zombie (Crypt:3)
  An ice statue (Snake:2)
  24 naga magi
  15 vault sentinels
  2 stone giant skeletons
  A torpor snail (Lair:4)
  19 cane toads
  30 large abominations
  11 molten gargoyles
  A naga skeleton (Tomb:1)
  17 orange demons (Pan)
  A storm dragon simulacrum (Coc:1)
  Maggie (D:7)
  A black draconian zombie (Crypt:3)
  2 human zombies (Vaults:4)
  Jeremiah (D:7)
  An orc skeleton (Tomb:1)
  A mana viper skeleton (Crypt:1)
  A bunyip simulacrum (Coc:1)
  8 komodo dragons
  10 rime drakes
  2 dire elephant skeletons
  8 efreet
  28 hellions
  27 yaktaurs
  2 sea snake zombies (Hell)
  An unseen horror (shapeshifter) (Elf:1)
  2 unseen horrors
  2 anaconda simulacra
  4 kobold demonologists (D:12)
  8 freezing wraiths
  5 ice devils
  An ancient zyme (Abyss:4)
  A black draconian skeleton (Crypt:3)
  An iron giant simulacrum (Coc:7)
  2 tengu conjurers
  29 tormentors
  A grey draconian skeleton (Crypt:3)
  51 guardian mummies
  3 spectral harpies
  9 red devils
  2 harpy zombies
  A minotaur skeleton (Crypt:2)
  A silent spectre (Tar:2)
  10 trolls
  An iron troll skeleton (Crypt:2)
  2 merfolk (Zig:7)
  A wind drake (Zig:7)
  A harpy skeleton (Tomb:3)
  17 hellwings (Pan)
  A merfolk (shapeshifter) (Depths:2)
  10 hornets
  2 glass eyes
  A shadow dragon simulacrum (Coc:1)
  7 tyrant leeches
  10 polar bears
  An alligator simulacrum (Hell)
  2 iron dragon simulacra
  A hydra skeleton (Hell)
  6 saltlings (Orc:2)
  A spectral elephant (Lair:5)
  A glass eye (shapeshifter) (Vaults:5)
  7 raiju
  2 stone giant simulacra
  4 dream sheep
  11 blink frogs
  A snapping turtle (shapeshifter) (Zot:2)
  A frost giant simulacrum (Vaults:4)
  A jumping spider (Vaults:2)
  106 slime creatures
  A jumping spider (shapeshifter) (D:14)
  Sigmund (D:3)
  6 water elementals
  6 wyverns
  6 vampires
  34 ynoxinuls
  5 dire elephant simulacra
  6 air elementals
  A fire bat (Abyss:4)
  7 wraiths
  15 ushabtiu
  A basilisk (D:13)
  13 starcursed masses (Abyss:4)
  10 fire elementals
  8 golden eyes
  48 yaks
  8 wargs
  Menkaure (D:7)
  4 redbacks
  16 vampire mosquitoes
  19 neqoxecs
  A death yak simulacrum (Lair:5)
  A spectral cane toad (Lair:5)
  34 chaos spawn
  16 harpy simulacra
  47 nagas
  12 swamp worms
  2 merfolk zombies
  A glowing shapeshifter zombie (Zig:4)
  5 small abominations (Abyss:4)
  2 acid dragons
  3 spatial vortices (Abyss:4)
  6 hydra simulacra
  9 hell hounds
  17 water moccasins
  21 orc warriors
  13 swamp drakes
  2 sky beasts
  4 elephant zombies (Lair:5)
  An ice dragon simulacrum (Coc:1)
  4 ettin simulacra
  10 laughing skulls
  12 ogres
  A black bear (D:5)
  A black mamba simulacrum (Coc:1)
  An ice beast (D:6)
  9 boggarts
  9 centaurs
  8 wolves
  2 elephant skeletons (Lair:5)
  A rime drake zombie (Crypt:2)
  2 kobold brigands
  11 bullfrogs
  4 necrophages
  2 brain worms
  2 salamander skeletons (Crypt:2)
  2 earth elementals
  2 cane toad simulacra (Lair:5)
  4 scorpions
  8 wights (D:9)
  The ghost of Luihuable the Trooper, a weakling HOBe of Trog (D:3)
  5 killer bees (D:9)
  An elephant simulacrum (Lair:5)
  A spriggan skeleton (Crypt:2)
  3 vampire bats (Orc:1)
  7 electric eels
  7 howler monkeys
  A crimson imp (Pan)
  4 lava snakes (Lair:2)
  4 jellies
  21 orc priests
  Crazy Yiuf (D:3)
  3 gnoll boudas
  7 hounds
  Jessica (D:3)
  7 hell rats (Lair:3)
  3 iguanas
  15 orc wizards
  A boggart zombie (Crypt:1)
  A deep dwarf skeleton (Crypt:2)
  67 mummies
  16 gnolls
  13 adders
  A howler monkey skeleton (Crypt:3)
  A swamp drake zombie (Crypt:2)
  7 white imps
  6 dart slugs
  2 ribbon worms (D:2)
  65 orcs
  11 bats
  4 endoplasms
  5 giant cockroaches
  8 goblins
  4 hobgoblins
  6 jackals
  4 quokkas
  7 ball pythons
  3 frilled lizards
  A goblin zombie (Crypt:3)
  A hobgoblin zombie (Crypt:2)
  16 kobolds
  4 rats
  7 aspiring fleshes
  A ball lightning (Pan)
  3 creeping infernos
  7 fire vortices
  4 spectral weapons
  6 starspawn tentacles
  4 tentacles (Hell)
4270 creatures vanquished.

Vanquished Creatures (collateral kills)
  A blink frog (Lair:2)
1 creature vanquished.

Vanquished Creatures (others)
  A pandemonium lord (Pan)
  2 liches
  An eldritch tentacle (Pan)
  An ancient champion (Dis:1)
  A ghost moth (Zot:5)
  A bunyip (Swamp:3)
  2 blizzard demons (Pan)
  3 caustic shrike simulacra
  2 juggernaut simulacra
  A merfolk aquamancer (Pan)
  The ghost of vurker the Trooper, a novice DjAE of Makhleb (D:9)
  A soul eater (Pan)
  A crystal echidna (Dis:1)
  A shadow wraith (Tar:3)
  3 deep elf knights
  A flayed ghost (Vaults:5)
  A spriggan simulacrum (Coc:2)
  A guardian serpent (Snake:4)
  A rust devil (Hell)
  A smoke demon (Pan)
  A titan simulacrum (Coc:3)
  A bunyip simulacrum (Coc:2)
  A rime drake (IceCv)
  A golden dragon simulacrum (Coc:7)
  A bloated husk (Swamp:3)
  A dire elephant simulacrum (Coc:3)
  A ynoxinul (Pan)
  A fire bat (Abyss:4)
  A neqoxec (Pan)
  An alligator snapping turtle simulacrum (Coc:2)
  5 harpy simulacra
  A spectral cane toad (Lair:5)
  An ettin simulacrum (Coc:2)
  An ogre (Vaults:5)
  A naga simulacrum (Coc:2)
  5 ball lightnings (Pan)
  A fire vortex (Geh:4)
  2 foxfires (Swamp:1)
  11 starspawn tentacles
  6 tentacles (Hell)
71 creatures vanquished.

Grand Total: 4342 creatures vanquished

Notes
Turn   | Place    | Note
-------+----------+-------------------------------------------
     0 | D:1      | TheViccler the Troll Fighter began the quest for the Orb.
     0 | D:1      | Reached XP level 1. HP: 22/22 MP: 0/0
   132 | D:1      | Reached XP level 2. HP: 29/29 MP: 1/1
   585 | D:2      | Reached XP level 3. HP: 36/36 MP: 2/2
  1164 | D:2      | Reached XP level 4. HP: 44/44 MP: 3/3
  1419 | D:3      | Noticed a bullfrog
  1423 | D:3      | Found a runed translucent door.
  1427 | D:3      | Noticed Luihuable's ghost (weakling HOBe)
  1516 | D:3      | Noticed Jessica
  1519 | D:3      | Killed Jessica
  1551 | D:3      | Found a faded altar of an unknown god.
  1572 | D:3      | Reached XP level 5. HP: 53/53 MP: 4/4
  1708 | D:3      | Noticed Sigmund
  1721 | D:3      | Killed Sigmund
  1722 | D:3      | Reached XP level 6. HP: 52/61 MP: 5/5
  2111 | D:3      | Found a runed translucent door.
  2112 | D:3      | Noticed Crazy Yiuf
  2193 | D:3      | Killed Crazy Yiuf
  2326 | D:3      | Killed Luihuable's ghost
  2333 | D:3      | Reached skill level 5 in Unarmed Combat
  2334 | D:3      | Reached XP level 7. HP: 62/67 MP: 6/6
  2796 | D:5      | Entered Level 5 of the Dungeon
  2878 | D:5      | Noticed a hornet
  2882 | D:5      | Paralysed by a hornet for 2 turns
  2886 | D:5      | Killed a hornet
  2932 | D:5      | Reached XP level 8. HP: 78/78 MP: 7/7
  3368 | D:6      | Reached skill level 5 in Shields
  3463 | D:6      | Found an ornate altar of the Wu Jian Council.
  3573 | D:6      | Became a worshipper of the Wu Jian Council
  4019 | D:6      | Found a shadowy altar of Dithmenos.
  4029 | D:6      | Reached skill level 5 in Fighting
  4029 | D:6      | Reached skill level 5 in Dodging
  4029 | D:6      | Reached XP level 9. HP: 88/88 MP: 8/8
  4185 | D:7      | Noticed Menkaure
  4190 | D:7      | Killed Menkaure
  4223 | D:7      | Found a staircase to the Ecumenical Temple.
  4249 | D:7      | Gained mutation: You expend magic power (3 MP) to
                  | strengthen your wands. [potion of mutation]
  4249 | D:7      | Lost mutation: You expend magic power (3 MP) to strengthen
                  | your wands. [potion of mutation]
  4249 | D:7      | Gained mutation: You are occasionally teleported next to
                  | monsters. [potion of mutation]
  4250 | D:7      | Lost mutation: You are occasionally teleported next to
                  | monsters. [potion of mutation]
  4250 | D:7      | Gained mutation: You have a pair of small horns on your
                  | head. [potion of mutation]
  4250 | D:7      | Gained mutation: You have a pair of horns on your head.
                  | [potion of mutation]
  4250 | D:7      | Gained mutation: You expend magic power (3 MP) to
                  | strengthen your wands. [potion of mutation]
  4352 | D:7      | Reached * piety under Wu Jian
  4451 | D:7      | Noticed Maggie
  4460 | D:7      | Killed Maggie
  4499 | D:7      | Noticed Jeremiah
  4518 | D:7      | Killed Jeremiah
  4519 | D:7      | Reached XP level 10. HP: 88/96 MP: 9/9
  4726 | Temple   | Entered the Ecumenical Temple
  5367 | D:9      | Reached skill level 10 in Unarmed Combat
  5431 | D:9      | Noticed a two-headed ogre
  5431 | D:9      | Noticed vurker's ghost (novice DjAE)
  5432 | D:9      | Noticed a death knight
  5437 | D:9      | Found a runed translucent gate.
  5437 | D:9      | Found a runed translucent gate.
  5437 | D:9      | Found a runed translucent gate.
  5470 | D:9      | Reached ** piety under Wu Jian
  5653 | D:9      | Found a staircase to the Lair.
  5653 | D:9      | Noticed a death yak
  5654 | D:9      | Noticed a death yak
  5654 | D:9      | Noticed a death yak
  5655 | D:9      | Noticed a death yak
  5655 | D:9      | Noticed a death yak
  5656 | D:9      | Noticed a death yak
  5656 | D:9      | Noticed a death yak
  5658 | D:9      | Noticed a death yak
  5673 | D:9      | Killed a death yak
  5682 | D:9      | Killed a death yak
  5685 | D:9      | Killed a death yak
  5686 | D:9      | Reached XP level 11. HP: 85/107 MP: 10/10
  5693 | D:9      | Killed a death yak
  5702 | D:9      | Killed a death yak
  5711 | D:9      | Killed a death yak
  5719 | D:9      | Killed a death yak
  5722 | D:9      | Killed a death yak
  6221 | D:9      | Killed a two-headed ogre
  6226 | D:9      | Paralysed by a hornet for 3 turns
  6228 | D:9      | Killed vurker's ghost
  6238 | D:10     | Entered Level 10 of the Dungeon
  6301 | D:9      | Killed a death knight
  6412 | D:10     | Noticed Harold
  6420 | D:10     | Killed Harold
  6520 | D:10     | Reached *** piety under Wu Jian
  7237 | D:11     | Found a staircase to the Orcish Mines.
  7292 | D:11     | Reached XP level 12. HP: 57/119 MP: 11/11
  7471 | D:11     | Found a gate leading to a gauntlet.
  7480 | Gauntlet | Entered a Gauntlet
  7480 | Gauntlet | Found a transporter.
  7480 | Gauntlet | Found a transporter.
  7484 | Gauntlet | Found a transporter.
  7484 | Gauntlet | Found a transporter.
  7486 | Gauntlet | Found a large runed translucent door.
  7487 | Gauntlet | Found a large runed translucent door.
  7488 | Gauntlet | Found a large runed translucent door.
  7488 | Gauntlet | Found a large runed translucent door.
  7488 | Gauntlet | Found a runed translucent door.
  7488 | Gauntlet | Noticed a green death
  7489 | Gauntlet | Found a large runed translucent door.
  7491 | Gauntlet | Found a transporter.
  7505 | Gauntlet | Found a large runed translucent door.
  7506 | Gauntlet | Found a large runed translucent door.
  7507 | Gauntlet | Found a large runed translucent door.
  7508 | Gauntlet | Found a runed translucent gate.
  7510 | Gauntlet | Found a transporter.
  7520 | Gauntlet | Found a transporter.
  7520 | Gauntlet | Found a transporter.
  7524 | Gauntlet | Found a transporter.
  7551 | Gauntlet | Found a transporter.
  7553 | Gauntlet | Found a runed translucent gate.
  7553 | Gauntlet | Found a runed translucent gate.
  7555 | Gauntlet | Found a large runed translucent door.
  7556 | Gauntlet | Found a large runed translucent door.
  7558 | Gauntlet | Found a transporter.
  7559 | Gauntlet | Found a large runed translucent door.
  7560 | Gauntlet | Found a large runed translucent door.
  7563 | Gauntlet | Found a runed translucent door.
  7574 | Gauntlet | Found a large runed translucent door.
  7574 | Gauntlet | Found a large runed translucent door.
  7575 | Gauntlet | Found a large runed translucent door.
  7576 | Gauntlet | Found a large runed translucent door.
  7576 | Gauntlet | Found a transporter.
  7621 | Gauntlet | Found a transporter.
  7637 | Gauntlet | Found a transporter.
  7738 | Gauntlet | Found a transporter.
  7758 | Gauntlet | Found a transporter.
  7958 | Gauntlet | Identified the ring of the Inquisitive Lives {rC++ EV+5
                  | Str+4 Dex-2}
  8090 | Gauntlet | Noticed a minotaur
  8100 | Gauntlet | Killed a minotaur
  8339 | D:11     | Noticed Fannar
  8355 | D:11     | Killed Fannar
  8355 | D:11     | Reached **** piety under Wu Jian
  8936 | D:12     | Found Gouganla's One-of-a-Kind Rings.
  8945 | D:12     | Found a portal to a secret trove of treasure.
  9252 | D:12     | Identified the +10 rapier of the Pyrrhic Victory {holy,
                  | Str+6}
  9514 | D:13     | Noticed a centaur warrior
  9517 | D:13     | Noticed a centaur warrior
  9527 | D:13     | Noticed a boulder beetle
  9584 | D:13     | Noticed a centaur warrior
  9589 | D:13     | Killed a centaur warrior
  9594 | D:13     | Noticed a boulder beetle
  9602 | D:13     | Killed a boulder beetle
  9603 | D:13     | Reached XP level 13. HP: 89/130 MP: 12/12
 10106 | D:14     | Noticed Josephine
 10109 | D:14     | Killed Josephine
 10188 | D:14     | Reached ***** piety under Wu Jian
 10189 | D:14     | Reached skill level 10 in Shields
 10223 | D:14     | Noticed Agnes
 10227 | D:14     | Noticed Azrael
 10228 | D:14     | Killed Agnes
 10247 | D:15     | Entered Level 15 of the Dungeon
 10294 | D:14     | Killed Azrael
 10421 | D:14     | Noticed Louise
 10440 | D:14     | Killed Louise
 10441 | D:14     | Reached skill level 15 in Unarmed Combat
 10483 | D:14     | Found a gate to the Vaults.
 10513 | D:14     | HP: 3/131 [vault guard/+1 heavy battleaxe (29)]
 10763 | Lair:1   | Entered Level 1 of the Lair of Beasts
 10840 | Lair:1   | Reached XP level 14. HP: 141/141 MP: 13/13
 11234 | Lair:1   | Found a blossoming altar of Fedhas.
 11724 | Lair:2   | Reached skill level 10 in Fighting
 12047 | Lair:2   | Found a staircase to the Swamp.
 12202 | Lair:2   | Found a staircase to the Snake Pit.
 13534 | Lair:4   | Found a staircase to the Slime Pits.
 13684 | Lair:4   | Found a viscous altar of Jiyva.
 14149 | Lair:5   | Entered Level 5 of the Lair of Beasts
 14575 | Lair:5   | Reached XP level 15. HP: 152/152 MP: 14/14
 14868 | Lair:5   | Reached ****** piety under Wu Jian
 15419 | Orc:1    | Entered Level 1 of the Orcish Mines
 15565 | Orc:1    | Found a runed translucent door.
 15568 | Orc:1    | Found a shimmering altar of Xom.
 15568 | Orc:1    | Noticed PirateVox's ghost (journeyman TrMo)
 15742 | Orc:1    | Killed PirateVox's ghost
 15799 | Orc:2    | Entered Level 2 of the Orcish Mines
 15802 | Orc:2    | Found a staircase to the Elven Halls.
 16248 | Orc:2    | Paralysed by an orc sorcerer for 4 turns
 16338 | Orc:2    | Found Giwid's General Store.
 16373 | Orc:2    | Found Kuak's Armour Boutique.
 16706 | Orc:2    | Found Duumm's Antique Armour Emporium.
 16735 | Orc:2    | Found Ysungo's Antique Armour Shop.
 16743 | Orc:2    | Reached XP level 16. HP: 165/165 MP: 15/15
 16793 | Elf:1    | Entered Level 1 of the Elven Halls
 16865 | Elf:1    | Found Voivax's Antique Armour Emporium.
 17045 | Elf:1    | Found Zaxann's Jewellery Shoppe.
 17072 | Elf:1    | Identified the serpent talisman of Exzof {rF+}
 17072 | Elf:1    | Noticed Aizul
 17109 | Elf:1    | Killed Aizul
 17312 | Elf:1    | Noticed Roxanne
 17412 | Elf:1    | Found Bahas's Book Emporium.
 17431 | Elf:1    | Reached XP level 17. HP: 172/172 MP: 16/16
 17593 | Elf:1    | Found Beesuiso's Jewellery Boutique.
 17680 | Elf:1    | Paralysed by an air elemental for 1 turns
 18000 | Elf:1    | Killed Roxanne
 18234 | Snake:1  | Entered Level 1 of the Snake Pit
 18248 | Snake:1  | Reached skill level 1 in Shapeshifting
 18774 | Snake:1  | Found Xeruovor's Armour Shop.
 18774 | Snake:1  | Found Xiumua's Antique Weapon Boutique.
 18776 | Snake:1  | Found Lerummeu's Magic Scroll Shop.
 18791 | Snake:1  | Bought a scroll of teleportation for 30 gold pieces
 18791 | Snake:1  | Bought a scroll of amnesia for 40 gold pieces
 18792 | Snake:1  | Found Bafevom's Distillery.
 19400 | Snake:1  | Reached skill level 5 in Shapeshifting
 19684 | Snake:2  | Found a glacial archway.
 19692 | IceCv    | Entered an ice cave
 20020 | IceCv    | Found the +2 Maxwell's thermic engine {flame, freeze, rev}
 20535 | Snake:2  | Found Barryc's Magic Scroll Boutique.
 20638 | Snake:2  | Reached skill level 10 in Shapeshifting
 20731 | Snake:2  | Found a hide-covered altar of Uskayaw.
 20816 | Snake:2  | Noticed Saint Roka
 20865 | Snake:2  | Killed Saint Roka
 21423 | Snake:3  | Found a runed translucent gate.
 21423 | Snake:3  | Found a runed translucent gate.
 21423 | Snake:3  | Found a runed translucent gate.
 21702 | Swamp:1  | Entered Level 1 of the Swamp
 21843 | Swamp:1  | Identified a scroll of acquirement
 21844 | Swamp:1  | Acquired 916 gold pieces
 21852 | Swamp:1  | Found an ancient bone altar of Kikubaaqudgha.
 21955 | Swamp:1  | Acquired 551 gold pieces
 22142 | Swamp:1  | Identified the +4 longbow of the Wizarding Viper {heavy,
                  | ^Contam rF+ Str+6 Stlth+}
 22174 | Swamp:1  | Reached XP level 18. HP: 120/182 MP: 17/17
 22506 | Swamp:2  | Noticed Nikola
 22581 | Swamp:2  | Killed Nikola
 22730 | Swamp:2  | Noticed a tentacled monstrosity
 22736 | Swamp:2  | Killed a tentacled monstrosity
 23402 | Swamp:3  | Identified the +0 cloak of Purpose {rF+}
 23449 | Swamp:3  | Noticed a tentacled monstrosity
 23456 | Swamp:3  | Killed a tentacled monstrosity
 23796 | Swamp:4  | Entered Level 4 of the Swamp
 24045 | Swamp:4  | Reached skill level 15 in Shapeshifting
 24064 | Swamp:4  | Got a decaying rune of Zot
 24424 | Snake:3  | Noticed Kiciri's ghost (adept DsGl)
 24424 | Snake:3  | Noticed Worr's ghost (journeyman DgHu)
 24465 | Snake:3  | Killed Kiciri's ghost
 24485 | Snake:3  | Killed Worr's ghost
 24504 | Snake:3  | Identified the +1 orcbow of Valiance {flame, Will- rCorr
                  | Dex+5}
 24618 | Snake:3  | Reached XP level 19. HP: 189/189 MP: 18/18
 24718 | Snake:3  | Found Xukkaqui's Book Shoppe.
 24722 | Snake:3  | Found Uteryxul's Weapon Emporium.
 24723 | Snake:3  | Found Umoronk's General Store.
 24777 | Snake:3  | Found Tuipav's Jewellery Shop.
 24945 | Snake:4  | Entered Level 4 of the Snake Pit
 25069 | Snake:4  | Noticed Donald
 25077 | Snake:4  | Killed Donald
 25262 | Snake:4  | Noticed Vashnia
 25271 | Snake:4  | Killed Vashnia
 25746 | Snake:4  | Got a serpentine rune of Zot
 26009 | Snake:4  | Found a large runed translucent door.
 26009 | Snake:4  | Found a large runed translucent door.
 26010 | Snake:4  | Noticed LDflipp's ghost (adept KoBr)
 26045 | Snake:4  | Killed LDflipp's ghost
 26049 | Snake:4  | Identified the +3 great sword of Cowardice {freeze, Fly
                  | rPois Will- Int+2 Dex+5}
 26052 | Snake:4  | Identified the +6 flail of the Eggplant {elec, rPois rF+
                  | rN+}
 26358 | D:14     | Noticed Rupert
 26365 | D:14     | Killed Rupert
 27575 | D:15     | Found a staircase to the Depths.
 28188 | Elf:2    | Found a runed translucent gate.
 28188 | Elf:2    | Found a runed translucent gate.
 28188 | Elf:2    | Found a runed translucent gate.
 28351 | Elf:2    | Found Tucwomept's Armour Emporium.
 28384 | Elf:2    | Reached XP level 20. HP: 198/198 MP: 19/19
 28642 | Elf:2    | Identified the blade talisman of Motri {Int+5 Dex-3}
 28954 | Elf:3    | Entered Level 3 of the Elven Halls
 29471 | Elf:3    | Paralysed by an air elemental for 1 turns
 29479 | Elf:3    | Found a shimmering blue altar of Sif Muna.
 29985 | Elf:3    | Identified the ring of Qaoc {rPois rC+ rCorr}
 30052 | Elf:3    | Identified the +6 dagger of Heytaar {flame, rN+++ rCorr
                  | Str-3}
 30129 | Elf:3    | Identified the +9 shortbow of Ymizube {freeze, Int+6}
 30161 | Elf:3    | Got Hermetics, Part One
 30163 | Elf:3    | Got the Codex of Misty Kinetic Energy
 30175 | Elf:3    | Got the Volume of the Shot
 30432 | Vaults:1 | Entered Level 1 of the Vaults
 31468 | Vaults:2 | Noticed Asterion
 31565 | Vaults:2 | Killed Asterion
 31716 | Vaults:2 | Reached XP level 21. HP: 206/206 MP: 20/20
 31772 | Vaults:2 | Found the ring of the Mage {Wiz Archmagi}
 31954 | Vaults:2 | Found Miemacya's Weapon Emporium.
 32074 | Abyss:4  | Cast into level 4 of the Abyss (vault warden)
 32299 | Vaults:2 | Escaped the Abyss
 32827 | Vaults:3 | Found a staircase to the Crypt.
 33178 | Vaults:3 | Found Ycig's Jewellery Boutique.
 33655 | Vaults:3 | Found a transporter.
 33655 | Vaults:3 | Found a transporter.
 33658 | Vaults:3 | Noticed Tang's ghost (master DsGl)
 33669 | Vaults:3 | Noticed Switch's ghost (veteran DDFi)
 33934 | Vaults:3 | Killed Switch's ghost
 33952 | Vaults:3 | Killed Tang's ghost
 34246 | Vaults:4 | Reached XP level 22. HP: 218/218 MP: 21/21
 34601 | Vaults:4 | Found a magical portal.
 34610 | WizLab   | Entered Doroklohe's Tomb
 34777 | WizLab   | Gained mutation: Your magical capacity is low. (-10% MP) [a
                  | cacodemon]
 34783 | WizLab   | Gained mutation: You are strong-willed. (Will+) [a
                  | cacodemon]
 34786 | WizLab   | Lost mutation: You expend magic power (3 MP) to strengthen
                  | your wands. [a cacodemon]
 34907 | WizLab   | Identified the +10 flail of Nuiff {elec, rElec}
 35332 | Vaults:4 | Found Yciutif's Antique Armour Shoppe.
 35748 | Vaults:5 | Entered Level 5 of the Vaults
 35759 | Vaults:4 | Upgraded the game from 0.32-a0-126-g9fbf7fb75a to
                  | 0.32-a0-128-g77eb882913
 35834 | Crypt:1  | Entered Level 1 of the Crypt
 36045 | Crypt:1  | Noticed Zenata
 36052 | Crypt:1  | Killed Zenata
 36469 | Crypt:2  | Found a basalt altar of Yredelemnul.
 36972 | Crypt:3  | Entered Level 3 of the Crypt
 37107 | Crypt:3  | Reached skill level 15 in Shields
 37345 | Crypt:3  | Found a staircase to the Tomb.
 37387 | Crypt:3  | Found a runed translucent gate.
 37387 | Crypt:3  | Found a runed translucent gate.
 37387 | Crypt:3  | Found a runed translucent gate.
 37430 | Crypt:3  | Found an ancient bone altar of Kikubaaqudgha.
 37430 | Crypt:3  | Noticed Beluak's ghost (veteran OnAl)
 37431 | Crypt:3  | Noticed an ancient lich
 37441 | Crypt:3  | Killed an ancient lich
 37442 | Crypt:3  | Reached XP level 23. HP: 230/230 MP: 19/19
 37447 | Crypt:3  | Killed Beluak's ghost
 37463 | Crypt:3  | Identified the +0 cloak "Eskiunto" {Str+4 Dex-2}
 37467 | Crypt:3  | Identified the amulet "Gaothun" {Spirit +Inv Str+6 Int-2
                  | Dex-4}
 37722 | Crypt:3  | Found an ancient bone altar of Kikubaaqudgha.
 37727 | Crypt:3  | Found a basalt altar of Yredelemnul.
 37742 | Crypt:3  | Identified the amulet of Allyat {Faith rF+ Int+5}
 37744 | Crypt:3  | Identified the staff of the Two Names {Ice Earth}
 37790 | Crypt:3  | Got Gloorx Vloq's Octavo of Left-Handed Secrets
 37792 | Crypt:3  | Identified the +4 hand axe "Coefy" {flame, Stlth+}
 38051 | Crypt:3  | Acquired the +0 kite shield of the Pink Corner {Will+ MP-9
                  | Dex+3}
 38338 | Depths:1 | Entered Level 1 of the Depths
 38338 | Depths:1 | Found a gateway to Hell.
 38338 | Depths:1 | Found a one-way gateway to a ziggurat.
 38456 | Depths:1 | Noticed Norris
 38466 | Depths:1 | Killed Norris
 38511 | Depths:1 | Noticed Sojobo
 38525 | Depths:1 | Paralysed by an air elemental for 1 turns
 38541 | Depths:1 | Killed Sojobo
 38721 | Depths:1 | Noticed Bai Suzhen
 38731 | Depths:1 | Killed Bai Suzhen
 38925 | Depths:1 | Found Luosuuf's Magic Scroll Boutique.
 38936 | Depths:1 | Bought a scroll of teleportation for 51 gold pieces
 38936 | Depths:1 | Bought a scroll of teleportation for 51 gold pieces
 38936 | Depths:1 | Bought a scroll of summoning for 161 gold pieces
 38936 | Depths:1 | Bought a scroll of fog for 68 gold pieces
 38936 | Depths:1 | Bought a scroll of teleportation for 51 gold pieces
 39014 | Depths:1 | Noticed a shard shrike
 39020 | Depths:1 | Killed a shard shrike
 39560 | Depths:2 | Reached skill level 15 in Fighting
 39586 | Depths:2 | Reached XP level 24. HP: 244/244 MP: 10/19
 39820 | Depths:2 | Found a one-way gate leading to the halls of Pandemonium.
 40253 | Depths:2 | Found the +3 salamander hide armour {Flames, rFlCloud rF++
                  | rC--}
 40488 | Depths:3 | Found the +1 cloak of Starlight {*Dazzle EV+4 Stlth--}
 40525 | Depths:3 | Identified the +5 mace "Kayddoc" {flame, Stlth+}
 41052 | Depths:3 | Found a one-way gate to the infinite horrors of the Abyss.
 41134 | Depths:4 | Entered Level 4 of the Depths
 41502 | Depths:4 | Found a sparkling altar of Nemelex Xobeh.
 41568 | Depths:4 | Noticed a juggernaut
 41767 | Depths:4 | Found a gate to the Realm of Zot.
 42002 | Depths:4 | Found Curaloru's Book Shoppe.
 42003 | Depths:4 | Found Gerae's Jewellery Boutique.
 42007 | Depths:4 | Found Maghaush's Book Shoppe.
 42259 | D:12     | You paid a toll of +3 fire dragon scales to enter a
                  | treasure trove
 42260 | Trove    | Entered a treasure trove
 42281 | Trove    | Got Neoguur's Treatise on Shadowy Graupel
 42284 | Trove    | Got Nelirer's Encyclopedia of Grim Ceraunoscopy
 42301 | Trove    | Got Sif Muna's Monograph on Star-crossed Corpses
 42483 | Slime:1  | Entered Level 1 of the Pits of Slime
 42485 | Slime:1  | Gained mutation: You are frail. (-10% HP) [a shining eye]
 42541 | Slime:1  | Gained mutation: You are weak. (Str -2) [a shining eye]
 42548 | Slime:1  | Gained mutation: You are partially covered in iridescent
                  | scales. (AC +2) [a shining eye]
 43089 | Slime:3  | Reached XP level 25. HP: 232/232 MP: 10/19
 43100 | Slime:2  | Gained mutation: Your health recovers twice as slowly from
                  | being drained. [a shining eye]
 43109 | Slime:2  | Gained mutation: Your spells are a little easier to cast,
                  | but a little less powerful. [a shining eye]
 43390 | Slime:3  | Gained mutation: You are vulnerable to cold. (rC-) [a
                  | shining eye]
 43392 | Slime:3  | Gained mutation: Potions are less effective at restoring
                  | your health. [a shining eye]
 44233 | Slime:5  | Entered Level 5 of the Pits of Slime
 44332 | Slime:5  | Noticed the Royal Jelly
 44337 | Slime:5  | Killed the Royal Jelly
 44428 | Slime:5  | Reached skill level 27 in Unarmed Combat
 44478 | Slime:5  | Found the +9 staff of Olgreb {rPois∞}
 44520 | Slime:5  | Identified the +9 great mace of Compassion {distort, rPois
                  | rC+++ Str-3 Int+2}
 44550 | Slime:5  | Identified the +10 trident of Impatience {antimagic, Dex+3}
 44555 | Slime:5  | Got a slimy rune of Zot
 44562 | Slime:5  | Identified the +9 glaive of Tyqerywo {freeze, ^Fragile
                  | rCorr Dex+2}
 44679 | Slime:5  | Identified the ring "Moc Dack" {Str+6 Int+3 Dex+3}
 44697 | Slime:5  | Identified the +5 trident of the Weasel {freeze, +Blink}
 44701 | Slime:5  | Got Dizakh's Compendium of Brilliant Accompaniment
 45308 | Zot:1    | Entered Level 1 of the Realm of Zot
 45324 | Zot:1    | Found the +4 dragonskin cloak
 45324 | Zot:1    | Noticed Tiamat
 45475 | Depths:4 | Lost mutation: Your health recovers twice as slowly from
                  | being drained. [potion of mutation]
 45475 | Depths:4 | Lost mutation: You are frail. (-10% HP) [potion of
                  | mutation]
 45475 | Depths:4 | Gained mutation: Your magical capacity is very low. (-20%
                  | MP) [potion of mutation]
 45475 | Depths:4 | Gained mutation: You are frail. (-10% HP) [potion of
                  | mutation]
 45488 | Zot:1    | Killed Tiamat
 46534 | Zot:1    | Learned a level 2 spell: Blink
 46773 | Zot:1    | Reached skill level 1 in Spellcasting
 46773 | Zot:1    | Reached skill level 1 in Translocations
 46946 | Zot:2    | Noticed an orb of fire
 46953 | Zot:2    | Killed an orb of fire
 46978 | Zot:2    | Identified the +1 robe "Moajicsegiopn" {rF+ Will+ MP+9}
 47119 | Zot:2    | Lost mutation: You have a pair of horns on your head.
                  | [potion of mutation]
 47119 | Zot:2    | Lost mutation: Your spells are a little easier to cast, but
                  | a little less powerful. [potion of mutation]
 47119 | Zot:2    | Lost mutation: You are partially covered in iridescent
                  | scales. (AC +2) [potion of mutation]
 47119 | Zot:2    | Gained mutation: You have large cloven feet. [potion of
                  | mutation]
 47155 | Zot:2    | Reached XP level 26. HP: 253/253 MP: 12/21
 47182 | Zot:2    | Reached skill level 5 in Translocations
 48786 | Zot:3    | Noticed an orb of fire
 48798 | Zot:3    | Gained mutation: You are very frail. (-20% HP) [an orb of
                  | fire]
 48804 | Zot:3    | Killed an orb of fire
 48875 | Zot:3    | Got the Compilation of The Black Sun
 49309 | Zot:4    | Noticed Lioda's ghost (legendary MiBe)
 49343 | Zot:4    | Found a transporter.
 49353 | Zot:4    | Found a transporter.
 49708 | Zot:4    | Lost mutation: You are strong-willed. (Will+) [potion of
                  | mutation]
 49708 | Zot:4    | Lost mutation: You have large cloven feet. [potion of
                  | mutation]
 49708 | Zot:4    | Lost mutation: Your magical capacity is very low. (-20% MP)
                  | [potion of mutation]
 49708 | Zot:4    | Lost mutation: You are weak. (Str -2) [potion of mutation]
 49708 | Zot:4    | Gained mutation: You have hidden genetic potential. [potion
                  | of mutation]
 49710 | Zot:4    | Lost mutation: You are very frail. (-20% HP) [potion of
                  | mutation]
 49710 | Zot:4    | Lost mutation: Potions are less effective at restoring your
                  | health. [potion of mutation]
 49710 | Zot:4    | Lost mutation: Your magical capacity is low. (-10% MP)
                  | [potion of mutation]
 49710 | Zot:4    | Lost mutation: You have hidden genetic potential. [potion
                  | of mutation]
 49710 | Zot:4    | Gained mutation: You have a somewhat thin skeletal
                  | structure. (Dex +2, Stealth+) [potion of mutation]
 49711 | Zot:4    | Lost mutation: You have a pair of small horns on your head.
                  | [potion of mutation]
 49711 | Zot:4    | Lost mutation: You have a somewhat thin skeletal structure.
                  | (Dex +2, Stealth+) [potion of mutation]
 49711 | Zot:4    | Lost mutation: You are vulnerable to cold. (rC-) [potion of
                  | mutation]
 49711 | Zot:4    | Gained mutation: You sometimes lose your temper in combat.
                  | [potion of mutation]
 49711 | Zot:4    | Gained mutation: You have sharp toenails. [potion of
                  | mutation]
 49712 | Zot:4    | Lost mutation: You have sharp toenails. [potion of
                  | mutation]
 49712 | Zot:4    | Lost mutation: You sometimes lose your temper in combat.
                  | [potion of mutation]
 49712 | Zot:4    | Lost mutation: You are frail. (-10% HP) [potion of
                  | mutation]
 49712 | Zot:4    | Gained mutation: Your mind is acute. (Int +4, Str/Dex -1)
                  | [potion of mutation]
 49712 | Zot:4    | Gained mutation: Your mind is very acute. (Int +8, Str/Dex
                  | -2) [potion of mutation]
 49731 | Zot:4    | Lost mutation: Your mind is very acute. (Int +8, Str/Dex
                  | -2) [potion of mutation]
 49731 | Zot:4    | Lost mutation: Your mind is acute. (Int +4, Str/Dex -1)
                  | [potion of mutation]
 49731 | Zot:4    | Gained mutation: Your muscles are strong. (Str +4, Int/Dex
                  | -1) [potion of mutation]
 49731 | Zot:4    | Gained mutation: You expend magic power (3 MP) to
                  | strengthen your wands. [potion of mutation]
 49731 | Zot:4    | Gained mutation: You have a beak for a mouth. [potion of
                  | mutation]
 49927 | Zot:4    | Killed Lioda's ghost
 49939 | Zot:4    | Identified the +2 pair of boots of Gestures {Regen+ rCorr
                  | Str+2}
 49979 | Zot:4    | Identified the +0 pair of gloves of Ercholaol {-Tele Fly
                  | MP+9}
 50436 | Vaults:5 | Reached XP level 27. HP: 238/296 MP: 17/26
 50548 | Vaults:5 | Identified the staff "Xynkosic" {rC+ Dex+2 Ice}
 50926 | Vaults:5 | Identified the ring of Nekov {Fly rF+ Int+3 Dex-5}
 50949 | Vaults:5 | Identified the staff of Qiaqoalo {Str+3 Conj}
 50982 | Vaults:5 | Identified the staff "Xonk" {rPois rC- Int+3 Dex+5 Conj}
 51174 | Vaults:5 | Got a silver rune of Zot
 51493 | Zig:1    | Entered Level 1 of a ziggurat
 51510 | Zig:1    | Acquired the +1 hat "Buexkat" {Will+ Int+3 Dex-2}
 51527 | Zig:2    | Entered Level 2 of a ziggurat
 51555 | Zig:3    | Entered Level 3 of a ziggurat
 51582 | Zig:4    | Entered Level 4 of a ziggurat
 51616 | Zig:5    | Entered Level 5 of a ziggurat
 51639 | Zig:6    | Entered Level 6 of a ziggurat
 51674 | Zig:7    | Entered Level 7 of a ziggurat
 51697 | Zig:7    | Gained mutation: You are dopey. (Int -2) [a neqoxec]
 51754 | Depths:1 | Acquired a manual of Air Magic
 51820 | Pan      | Entered Pandemonium
 51820 | Pan      | Noticed Ydos the pandemonium lord
 51823 | Pan      | Killed Ydos the pandemonium lord
 52766 | Pan      | Noticed Vela the pandemonium lord
 52788 | Pan      | Killed Vela the pandemonium lord
 52882 | Pan      | Identified the amulet of Iletig {Faith ^Fragile rN+ rCorr}
 52957 | Pan      | Noticed Ignacio
 52961 | Pan      | Killed Ignacio
 52988 | Pan      | Got a demonic rune of Zot
 53127 | Pan      | Gained mutation: Potions are less effective at restoring
                  | your health. [a cacodemon]
 53518 | Pan      | Noticed Onapn the pandemonium lord
 53525 | Pan      | Killed Onapn the pandemonium lord
 54142 | Pan      | Noticed a seraph
 54144 | Pan      | Found a glowing golden altar of the Shining One.
 54147 | Pan      | Killed a seraph
 54169 | Pan      | Identified the ring of Wariness {Int+6 Stlth+}
 54184 | Pan      | Identified the +6 glaive "Fipeg" {holy, rElec rF+ Int+5
                  | Dex+3}
 54185 | Pan      | Identified the +5 hand axe of Gixkoosk {spect, rF++}
 54186 | Pan      | Identified the +1 scale mail of Gennesao {rPois}
 54190 | Pan      | Identified the +7 arbalest "Grim Tooth" {penet, Int+6
                  | Dex+3}
 55194 | Pan      | Found a glowing silver altar of Zin.
 55447 | Pan      | Found a white marble altar of Elyvilon.
 55744 | Pan      | Noticed Hizehirghie the pandemonium lord
 55753 | Pan      | Killed Hizehirghie the pandemonium lord
 56703 | Pan      | Noticed Jaowk the pandemonium lord
 56709 | Pan      | Killed Jaowk the pandemonium lord
 56745 | Pan      | Noticed Mennas
 56751 | Pan      | Killed Mennas
 56764 | Pan      | Lost mutation: Your muscles are strong. (Str +4, Int/Dex
                  | -1) [a cacodemon]
 56846 | Pan      | Noticed Lenirawi the pandemonium lord
 56852 | Pan      | Killed Lenirawi the pandemonium lord
 57506 | Pan      | Noticed Hiowkau the pandemonium lord
 57509 | Pan      | Killed Hiowkau the pandemonium lord
 57670 | Pan      | Gained mutation: Armour fits poorly on your strangely
                  | shaped body. [a cacodemon]
 58140 | Pan      | Entered the realm of Gloorx Vloq.
 58188 | Pan      | Found an exit through the horrors of the Abyss.
 58761 | Pan      | Reached skill level 27 in Fighting
 58769 | Pan      | Reached skill level 10 in Dodging
 58771 | Pan      | Noticed Gloorx Vloq
 58831 | Pan      | Killed Gloorx Vloq
 58944 | Pan      | Got a dark rune of Zot
 59169 | Pan      | Noticed Cuaptig the pandemonium lord
 59169 | Pan      | Gained mutation: You have hidden genetic defects. [a
                  | neqoxec]
 59172 | Pan      | Killed Cuaptig the pandemonium lord
 59388 | Pan      | Noticed Kohurapo the pandemonium lord
 59393 | Pan      | Killed Kohurapo the pandemonium lord
 59500 | Pan      | Reached skill level 15 in Dodging
 59510 | Pan      | Noticed Waarir the pandemonium lord
 59512 | Pan      | Killed Waarir the pandemonium lord
 59647 | Pan      | Acquired TheViccler's Tractate on Position
 59652 | Pan      | Learned a level 2 spell: Lesser Beckoning
 59732 | Pan      | Learned a level 4 spell: Vhi's Electric Charge
 59789 | Pan      | Reached skill level 1 in Air Magic
 59829 | Pan      | Gained mutation: You are clumsy. (Dex -2) [hidden defects]
 59853 | Pan      | Lost mutation: You expend magic power (3 MP) to strengthen
                  | your wands. [potion of mutation]
 59853 | Pan      | Lost mutation: You are clumsy. (Dex -2) [potion of
                  | mutation]
 59853 | Pan      | Gained mutation: You expend magic power (3 MP) to
                  | strengthen your wands. [potion of mutation]
 59853 | Pan      | Lost mutation: You are dopey. (Int -2) [potion of mutation]
 59854 | Pan      | Lost mutation: You expend magic power (3 MP) to strengthen
                  | your wands. [potion of mutation]
 59854 | Pan      | Lost mutation: You have hidden genetic defects. [potion of
                  | mutation]
 59854 | Pan      | Gained mutation: Your body sometimes deteriorates upon
                  | taking damage. [potion of mutation]
 59855 | Pan      | Lost mutation: Armour fits poorly on your strangely shaped
                  | body. [potion of mutation]
 59855 | Pan      | Lost mutation: Your body sometimes deteriorates upon taking
                  | damage. [potion of mutation]
 59855 | Pan      | Gained mutation: You are covered in thick fur. (AC +2)
                  | [potion of mutation]
 59857 | Pan      | Lost mutation: Potions are less effective at restoring your
                  | health. [potion of mutation]
 59857 | Pan      | Lost mutation: You are covered in thick fur. (AC +2)
                  | [potion of mutation]
 59857 | Pan      | Gained mutation: You are clumsy. (Dex -2) [potion of
                  | mutation]
 59857 | Pan      | Gained mutation: Your magical capacity is low. (-10% MP)
                  | [potion of mutation]
 59857 | Pan      | Gained mutation: You have supernaturally acute eyesight.
                  | (SInv) [potion of mutation]
 59857 | Pan      | Gained mutation: You possess an exceptional clarity of
                  | mind. [potion of mutation]
 59883 | Pan      | Noticed Tuevu the pandemonium lord
 59901 | Pan      | Killed Tuevu the pandemonium lord
 59973 | Pan      | Entered the realm of Mnoleg.
 59980 | Pan      | Noticed Mnoleg
 60015 | Pan      | Gained mutation: You are frail. (-10% HP) [a cacodemon]
 60037 | Pan      | Gained mutation: You are vulnerable to cold. (rC-) [a
                  | cacodemon]
 60251 | Pan      | Gained mutation: You are very clumsy. (Dex -4) [a neqoxec]
 60282 | Pan      | Gained mutation: Armour fits poorly on your strangely
                  | shaped body. [a cacodemon]
 60283 | Pan      | Gained mutation: Your magical capacity is very low. (-20%
                  | MP) [a cacodemon]
 60354 | Pan      | Gained mutation: You are dopey. (Int -2) [a cacodemon]
 60399 | Pan      | Gained mutation: You occasionally shout uncontrollably at
                  | your foes. [a neqoxec]
 60407 | Pan      | Gained mutation: You have hidden genetic defects. [a
                  | cacodemon]
 60578 | Pan      | Gained mutation: Your spells are a little easier to cast,
                  | but a little less powerful. [a cacodemon]
 60580 | Pan      | Gained mutation: You have terrible hidden genetic defects.
                  | [a shining eye]
 60587 | Pan      | Gained mutation: You occasionally lose the ability to read
                  | scrolls when taking damage. [a shining eye]
 60593 | Pan      | Killed Mnoleg
 60659 | Pan      | Lost mutation: You occasionally lose the ability to read
                  | scrolls when taking damage. [potion of mutation]
 60659 | Pan      | Lost mutation: You are dopey. (Int -2) [potion of mutation]
 60659 | Pan      | Lost mutation: Your magical capacity is very low. (-20% MP)
                  | [potion of mutation]
 60659 | Pan      | Lost mutation: You have terrible hidden genetic defects.
                  | [potion of mutation]
 60661 | Pan      | Lost mutation: Your spells are a little easier to cast, but
                  | a little less powerful. [potion of mutation]
 60661 | Pan      | Lost mutation: You possess an exceptional clarity of mind.
                  | [potion of mutation]
 60661 | Pan      | Lost mutation: You have hidden genetic defects. [potion of
                  | mutation]
 60662 | Pan      | Lost mutation: You are very clumsy. (Dex -4) [potion of
                  | mutation]
 60662 | Pan      | Lost mutation: You have supernaturally acute eyesight.
                  | (SInv) [potion of mutation]
 60662 | Pan      | Lost mutation: You occasionally shout uncontrollably at
                  | your foes. [potion of mutation]
 60662 | Pan      | Gained mutation: You are partially covered in large bone
                  | plates. (SH +4) [potion of mutation]
 60662 | Pan      | Gained mutation: You have hidden genetic defects. [potion
                  | of mutation]
 60663 | Pan      | Lost mutation: Armour fits poorly on your strangely shaped
                  | body. [potion of mutation]
 60663 | Pan      | Lost mutation: You are clumsy. (Dex -2) [potion of
                  | mutation]
 60663 | Pan      | Gained mutation: You are mostly covered in large bone
                  | plates. (SH +6) [potion of mutation]
 60663 | Pan      | Gained mutation: Your muscles are strong. (Str +4, Int/Dex
                  | -1) [potion of mutation]
 60664 | Pan      | Lost mutation: Your magical capacity is low. (-10% MP)
                  | [potion of mutation]
 60664 | Pan      | Lost mutation: You have hidden genetic defects. [potion of
                  | mutation]
 60664 | Pan      | Lost mutation: You are vulnerable to cold. (rC-) [potion of
                  | mutation]
 60664 | Pan      | Lost mutation: You are frail. (-10% HP) [potion of
                  | mutation]
 60664 | Pan      | Gained mutation: You expend magic power (3 MP) to
                  | strengthen your wands. [potion of mutation]
 60664 | Pan      | Gained mutation: You possess an exceptional clarity of
                  | mind. [potion of mutation]
 60730 | Pan      | Got a glowing rune of Zot
 60779 | Pan      | Gained mutation: You are covered in thick fur. (AC +2) [a
                  | cacodemon]
 60796 | Pan      | Entered the realm of Lom Lobon.
 61122 | Pan      | Noticed Lom Lobon
 61133 | Pan      | Killed Lom Lobon
 61134 | Pan      | Reached skill level 10 in Translocations
 61213 | Pan      | Got a magical rune of Zot
 61340 | Pan      | Entered the realm of Cerebov.
 61686 | Pan      | Found an exit through the horrors of the Abyss.
 61842 | Pan      | Identified the ring "Anoaxt" {Fire +Blink rElec rN++ Will-}
 61845 | Pan      | Found the +6 sword of Cerebov {flame}
 61845 | Pan      | Noticed Cerebov
 61854 | Pan      | Killed Cerebov
 62042 | Pan      | Identified the ring of Jilish {Fly rPois rCorr Str-5 Int+4}
 62073 | Pan      | Identified the amulet "Jeowakki" {Acrobat Str+5}
 62133 | Pan      | Got a fiery rune of Zot
 62246 | Pan      | Took an exit into the Abyss.
 62246 | Abyss:4  | Escaped into the Abyss
 62249 | Abyss:4  | Learned a level 1 spell: Apportation
 62285 | Abyss:4  | Noticed an ancient lich
 62297 | Abyss:4  | Killed an ancient lich
 62374 | Abyss:4  | Got an abyssal rune of Zot
 62386 | Depths:2 | Escaped the Abyss
 62561 | Depths:4 | Bought the ring "Zaeniet" {Wiz rC+ SInv} for 1012 gold
                  | pieces
 62561 | Depths:4 | Bought the dreamshard necklace {Acrobat *Dream} for 4200
                  | gold pieces
 62561 | Depths:4 | Found the dreamshard necklace {Acrobat *Dream}
 62652 | Hell     | Entered the Vestibule of Hell
 62652 | Hell     | Noticed Geryon
 62679 | Hell     | Killed Geryon
 62741 | Hell     | Found a gateway to the Iron City of Dis.
 62760 | Hell     | Found a gateway to the freezing wastes of Cocytus.
 62868 | Hell     | Found a gateway to the decaying netherworld of Tartarus.
 62939 | Hell     | Found a gateway to the ashen valley of Gehenna.
 63128 | Dis:1    | Entered Level 1 of the Iron City of Dis
 63937 | Dis:5    | Noticed a dread lich
 63941 | Dis:5    | Killed a dread lich
 63947 | Dis:5    | Noticed a royal mummy
 63954 | Dis:5    | Killed a royal mummy
 64009 | Dis:5    | Noticed a royal mummy
 64010 | Dis:5    | Noticed a royal mummy
 64010 | Dis:5    | Noticed a royal mummy
 64011 | Dis:5    | Noticed a dread lich
 64012 | Dis:5    | Noticed a royal mummy
 64052 | Dis:5    | HP: 13/419 [death scarab[a royal mummy] (12)]
 64185 | Dis:5    | Killed a royal mummy
 64263 | Dis:5    | Killed a royal mummy
 64291 | Dis:5    | Killed a royal mummy
 64292 | Dis:5    | Killed a dread lich
 64293 | Dis:5    | Killed a royal mummy
 64653 | Dis:7    | Entered Level 7 of the Iron City of Dis
 64847 | Dis:7    | Noticed a juggernaut
 64851 | Dis:7    | Killed a juggernaut
 64938 | Dis:7    | Identified the staff of Ynihy {rN+ Int+2 Stlth- Necro
                  | Earth}
 65263 | Dis:7    | Noticed a juggernaut
 65270 | Dis:7    | Killed a juggernaut
 65579 | Dis:7    | Noticed Dispater
 65580 | Dis:7    | Noticed a juggernaut
 65589 | Dis:7    | Killed a juggernaut
 65594 | Dis:7    | Killed Dispater
 65697 | Dis:7    | Got an iron rune of Zot
 66179 | Tar:1    | Entered Level 1 of Tartarus
 66878 | Tar:3    | You fall into a shaft and drop 3 floors!
 67092 | Tar:7    | Entered Level 7 of Tartarus
 67192 | Tar:7    | Noticed a dread lich
 67197 | Tar:7    | Paralysed by a dread lich for 3 turns
 67200 | Tar:7    | Killed a dread lich
 67347 | Tar:7    | Noticed an ancient lich
 67352 | Tar:7    | Killed an ancient lich
 67426 | Tar:7    | Identified the +5 robe of Demons {Will+ Int+2}
 67442 | Tar:7    | Identified the staff of Irksome Tortfeasance {^Drain rF+
                  | rC+ Str+3 Conj Earth}
 67470 | Tar:7    | Noticed a dread lich
 67476 | Tar:7    | Killed a dread lich
 67508 | Tar:7    | Noticed an ancient lich
 67512 | Tar:7    | Killed an ancient lich
 67649 | Tar:7    | Noticed the Serpent of Hell
 67654 | Tar:7    | Killed the Serpent of Hell
 67684 | Tar:7    | Noticed Ereshkigal
 67693 | Tar:7    | Killed Ereshkigal
 67721 | Tar:7    | Got a bone rune of Zot
 68842 | Coc:1    | Entered Level 1 of Cocytus
 68918 | Coc:2    | Paralysed by a wendigo for 1 turns
 68925 | Coc:2    | Paralysed by a wendigo for 1 turns
 69143 | Coc:4    | Reached skill level 27 in Shields
 69160 | Coc:5    | Paralysed by a wendigo for 1 turns
 69271 | Coc:7    | Entered Level 7 of Cocytus
 69742 | Coc:7    | Noticed Antaeus
 69749 | Coc:7    | Killed Antaeus
 69768 | Coc:7    | Got an icy rune of Zot
 70637 | Geh:1    | Entered Level 1 of Gehenna
 70645 | Geh:1    | You fall into a shaft and drop 1 floor!
 70913 | Geh:3    | Noticed a dread lich
 70920 | Geh:3    | Killed a dread lich
 71188 | Geh:4    | Reached skill level 27 in Dodging
 71561 | Geh:7    | Entered Level 7 of Gehenna
 71902 | Geh:7    | Found the +13 sceptre of Asmodeus
 71902 | Geh:7    | Noticed Asmodeus
 71912 | Geh:7    | Killed Asmodeus
 71970 | Geh:7    | Got an obsidian rune of Zot
 72483 | Crypt:3  | Learned a level 4 spell: Manifold Assault
 72484 | Tomb:1   | Entered Level 1 of the Tomb of the Ancients
 72570 | Tomb:1   | Paralysed by a sphinx for 5 turns
 72639 | Tomb:1   | Noticed a royal mummy
 72642 | Tomb:1   | Killed a royal mummy
 72905 | Tomb:1   | Noticed a royal mummy
 72910 | Tomb:1   | Killed a royal mummy
 73000 | Tomb:1   | Noticed a royal mummy
 73001 | Tomb:1   | Identified the +6 short sword of Tumult {drain, rPois rC+
                  | Str-3 Stlth+}
 73058 | Tomb:1   | Noticed a royal mummy
 73065 | Tomb:1   | Killed a royal mummy
 73101 | Tomb:2   | Noticed a royal mummy
 73101 | Tomb:2   | Noticed a royal mummy
 73101 | Tomb:2   | Noticed a royal mummy
 73108 | Tomb:2   | Noticed a royal mummy
 73108 | Tomb:2   | Killed a royal mummy
 73113 | Tomb:2   | Killed a royal mummy
 73119 | Tomb:2   | Killed a royal mummy
 73120 | Tomb:2   | Reached skill level 15 in Translocations
 73121 | Tomb:2   | Killed a royal mummy
 73551 | Tomb:1   | Noticed a royal mummy
 73558 | Tomb:1   | Killed a royal mummy
 73637 | Tomb:1   | Noticed a royal mummy
 73638 | Tomb:1   | Noticed a royal mummy
 73640 | Tomb:1   | Killed a royal mummy
 73643 | Tomb:1   | Killed a royal mummy
 73670 | Tomb:1   | Noticed a royal mummy
 73673 | Tomb:1   | Killed a royal mummy
 73680 | Tomb:1   | Noticed a royal mummy
 73683 | Tomb:1   | Killed a royal mummy
 73690 | Tomb:1   | Noticed a royal mummy
 73693 | Tomb:1   | Killed a royal mummy
 73693 | Tomb:1   | Lost intelligence.
 73701 | Tomb:1   | Noticed a royal mummy
 73705 | Tomb:1   | Killed a royal mummy
 73760 | Tomb:1   | Killed a royal mummy
 73761 | Tomb:1   | Noticed a royal mummy
 73765 | Tomb:1   | Killed a royal mummy
 73865 | Tomb:1   | Noticed a royal mummy
 73869 | Tomb:1   | Killed a royal mummy
 73870 | Tomb:1   | Noticed a royal mummy
 73871 | Tomb:1   | Killed a royal mummy
 73876 | Tomb:1   | Noticed a royal mummy
 73879 | Tomb:1   | Killed a royal mummy
 74004 | Tomb:1   | Noticed a royal mummy
 74008 | Tomb:1   | Killed a royal mummy
 74083 | Tomb:1   | Noticed a royal mummy
 74086 | Tomb:1   | Killed a royal mummy
 74528 | Tomb:3   | Entered Level 3 of the Tomb of the Ancients
 74586 | Tomb:3   | Noticed a royal mummy
 74593 | Tomb:3   | Killed a royal mummy
 74602 | Tomb:3   | Noticed a royal mummy
 74606 | Tomb:3   | Noticed a royal mummy
 74606 | Tomb:3   | Noticed a royal mummy
 74606 | Tomb:3   | Noticed a royal mummy
 74606 | Tomb:3   | Noticed a royal mummy
 74606 | Tomb:3   | Noticed a royal mummy
 74612 | Tomb:3   | Got a golden rune of Zot
 74634 | Tomb:3   | Noticed a royal mummy
 74638 | Tomb:3   | Killed a royal mummy
 74638 | Tomb:3   | Noticed a royal mummy
 74640 | Tomb:3   | Killed a royal mummy
 74655 | Tomb:3   | Found the +8 Vampire's Tooth {megavamp}
 75387 | Zot:5    | Entered Level 5 of the Realm of Zot
 75787 | Zot:5    | Noticed a dread lich
 75791 | Zot:5    | Noticed a dread lich
 75791 | Zot:5    | Noticed an orb of fire
 75792 | Zot:5    | Noticed an orb of fire
 75798 | Zot:5    | Noticed an orb of fire
 75799 | Zot:5    | Killed a dread lich
 75803 | Zot:5    | Noticed a dread lich
 75803 | Zot:5    | Noticed an orb of fire
 75804 | Zot:5    | Killed an orb of fire
 75805 | Zot:5    | Noticed a dread lich
 75810 | Zot:5    | Gained mutation: You occasionally lose the ability to read
                  | scrolls when taking damage. [an orb of fire]
 75811 | Zot:5    | Killed an orb of fire
 75813 | Zot:5    | Noticed an ancient lich
 75821 | Zot:5    | Killed an orb of fire
 75823 | Zot:5    | Killed a dread lich
 75824 | Zot:5    | Noticed an orb of fire
 75826 | Zot:5    | Killed an orb of fire
 75829 | Zot:5    | Killed a dread lich
 75832 | Zot:5    | Killed an ancient lich
 75835 | Zot:5    | Killed an orb of fire
 75836 | Zot:5    | Noticed an ancient lich
 75837 | Zot:5    | Killed a dread lich
 75871 | Zot:5    | Killed an ancient lich
 75871 | Zot:5    | HP: 16/419 [white draconian stormcaller/divine providence[a
                  | green draconian monk] (13)]
 75872 | Zot:5    | HP: 6/419 [black draconian/bolt of lightning[a green
                  | draconian monk] (11)]
 76151 | Zot:5    | Lost mutation: You are covered in thick fur. (AC +2)
                  | [potion of mutation]
 76151 | Zot:5    | Lost mutation: Your muscles are strong. (Str +4, Int/Dex
                  | -1) [potion of mutation]
 76151 | Zot:5    | Lost mutation: You expend magic power (3 MP) to strengthen
                  | your wands. [potion of mutation]
 76151 | Zot:5    | Gained mutation: Your flesh is cold resistant. (rC+)
                  | [potion of mutation]
 76151 | Zot:5    | Gained mutation: You passively dampen the noise of your
                  | surroundings. [potion of mutation]
 76152 | Zot:5    | Lost mutation: You occasionally lose the ability to read
                  | scrolls when taking damage. [potion of mutation]
 76152 | Zot:5    | Lost mutation: You are mostly covered in large bone plates.
                  | (SH +6) [potion of mutation]
 76152 | Zot:5    | Gained mutation: You have hidden genetic defects. [potion
                  | of mutation]
 76152 | Zot:5    | Lost mutation: You have hidden genetic defects. [potion of
                  | mutation]
 76429 | Zot:5    | Got the Orb of Zot
 76450 | Zot:5    | Noticed Pisaih the pandemonium lord
 76457 | Zot:5    | Killed Pisaih the pandemonium lord
 76491 | Zot:3    | Noticed Peeqi the pandemonium lord
 76645 | Depths:3 | Gained mutation: You are dopey. (Int -2) [a neqoxec]
 76752 | D:14     | Noticed Baim Eje the pandemonium lord
 77013 | D:$      | Escaped with the Orb!

Illustrated notes

Levels and vault maps discovered:
D:1:      amcnicky_arrival_wind_blow, layout_rooms
D:2:      minmay_inner_zag, layout_basic, serial_forest,
          infiniplex_forest_lined_ring, infiniplex_forest_clump_small,
          infiniplex_forest_lined_3_way, infiniplex_forest_lined_4_way,
          infiniplex_forest_end_1, infiniplex_forest_straight_2,
          infiniplex_forest_clump_double
D:3:      layout_loops_ring, hellmonk_ecumenical_altar_run_dry,
          ebering_ghost_sewer_d, hangedman_abyss_or_decor_lesser_grid,
          minmay_door_square, chequers_serial_rivers_micro_c, uniq_jessica,
          uniq_sigmund, uniq_crazy_yiuf_cottage
D:4:      layout_gridville
D:5:      layout_loops_ring
D:6:      layout_layer_cave, nzn_wu_jian_council_hall, grunt_dithmenos_smoke,
          st_stairs_11, nicolae_titane
D:7:      layout_cave_pools, minmay_temple_entry_tees, serial_park_tiny_pond,
          kennysheep_generic_room_15, uniq_maggie, uniq_menkaure, uniq_jeremiah
D:8:      layout_rooms, serial_bayou_crossing
D:9:      layout_basic, dpeg_lair_monsters, gammafunk_ghost_split
D:10:     layout_stronghold, hangedman_abyss_or_decor_slice, minmay_misc_feat_x,
          dk_vineyard_1, serial_park_tiny_1, uniq_harold
D:11:     layout_roguey, erik_orc_4, gauntlet_entry_generic, uniq_fannar
D:12:     layout_irregular_city, enter_trove_1, nicolae_shop_unique_rings,
          marbit_kobold_abyssish
D:13:     layout_basic, nicolae_elevator_lobby_asterisk
D:14:     layout_small_grid, erik_vaults_2, uniq_josephine, uniq_agnes,
          uniq_louise, uniq_rupert, uniq_azrael
D:15:     hangedman_depths_entry_civil_slaughter, layout_grid_maze,
          hangedman_decor_slide_cut
Temple:   mainiacjoe_temple_big_plus
Lair:1:   layout_gridlike, tgw_fedhas
Lair:2:   layout_regular_city, nicolae_swamp_entry_splash_gauntlet,
          nicolae_snake_entry_warm_welcome, nicolae_quartered_pool_impasse,
          serial_bayou_pond_c
Lair:3:   layout_regular_city, serial_bayou, serial_bayou_pond_b,
          serial_bayou_ford_a, serial_bayou_shore_b, serial_bayou_shore_a,
          hangedman_lair_generics_rect
Lair:4:   layout_gridlike, slime_entry_1, grunt_megastairs_2,
          lemuel_fruit_fields
Lair:5:   due_jungle_book, layout_regular_city
Swamp:1:  cheibrodos_swamp_tower_of_moss, layout_basic_swamp, basic_altar
Swamp:2:  nicolae_swamp_ascending_descending, layout_basic_swamp,
          evilmike_swamp_ruin_house_3, swamp_pool_1_2,
          nicolae_swamp_dragon_and_kin, uniq_nikola
Swamp:3:  layout_basic_swamp, serial_swamp_ruin, evilmike_swamp_ruin_house_1,
          evilmike_swamp_ruin_house_4, evilmike_swamp_ruin_house_6,
          swamp_pool_1_2
Swamp:4:  swamp_basic_johnstein, layout_basic_swamp
Snake:1:  layout_chambers, minmay_shoptagon
Snake:2:  layout_onion_interference, basic_altar,
          portal_ice_cave_entry_ice_statue_one, serial_shops,
          nicolae_shop_advertising_works [nicolae_subvault_shop_adworks],
          nicolae_snake_shapes, uniq_saint_roka
Snake:3:  layout_misc_corridors, serial_shops, nicolae_shop_behind_doors,
          gammafunk_ghost_cemetery, minmay_shop_star
Snake:4:  johnstein_snake_rune_scales, layout_layer_cave,
          ebering_ghost_disaster_area, uniq_donald
Slime:1:  layout_caves
Slime:2:  layout_caves
Slime:3:  layout_caves
Slime:4:  layout_caves
Slime:5:  slime_pit_nicolae_trefoil
Orc:1:    layout_caves, ebering_ghost_xom, roderic_batcave
Orc:2:    hellmonk_orc_salted, layout_caves, special_room
Elf:1:    elf_arrival_001, layout_geoelf_diagonals, serial_shops, shop,
          nicolae_shop_hallway_plus, shop, shop_statue,
          portal_desolation_entry_garden, nicolae_elf_crossing_hall, uniq_aizul,
          uniq_roxanne
Elf:2:    elven_hall_of_blades_hangedman_original [mumra_blade_entry_dagger],
          layout_geoelf_grid, serial_shops, shop
Elf:3:    minmay_elf_hall_circle, layout_onion_city, basic_altar
Vaults:1: hangedman_vaults_stretched_pinwheel, v_alt_pattern_4,
          ontoclasm_vaults_ring_small, nicolae_vaults_octothorpe,
          vaults_room_door_ring, nicolae_vaults_tetromino_T_1,
          nicolae_vaults_border_crossing, vaults_room_stairs_pillars,
          layout_vaults_chaotic_city
Vaults:2: vaults_room_grid, hangedman_vaults_corner,
          nicolae_vaults_storage_closets_2, nicolae_vaults_double_plus_3,
          nicolae_vaults_little_squares_3, nicolae_vaults_trapezoid_1,
          vaults_room_fours, nicolae_vaults_antechamber_and_loot_room,
          v_misc_12, hangedman_vaults_capsules, v_misc_25, v_misc_5,
          nicolae_vaults_double_plus_1, vaults_dpeg_spiral,
          serial_library_hellmonk_semicircle, layout_vaults_ring, serial_shops,
          shop, uniq_asterion
Vaults:3: nzn_ghost_randoct, minmay_crypt_entry_vampire_xt,
          nicolae_vaults_library_corner, nicolae_vaults_offset_grid_hallway_1,
          v_rooms_2, v_misc_10, ontoclasm_vaults_shuriken,
          ontoclasm_vaults_ring_square, ontoclasm_vaults_bender,
          nicolae_vaults_cochlea, v_rooms_6, vaults_room_hallway,
          nicolae_vaults_sightless_eye, layout_vaults_omnibox, serial_shops,
          nicolae_shop_rolling_square
Vaults:4: mu_enter_wizlab_3, nicolae_vaults_shelves_hall,
          nicolae_vaults_disjoint_gnomons, nicolae_vaults_tetromino_T_2,
          nicolae_vaults_surprise_closet, st_check, grunt_vaults_diagonal,
          nicolae_vaults_rhombus_7, nicolae_vaults_house_2,
          vaults_standard_mumra_enter_the_diamond, vaults_room_pools,
          layout_vaults_omnigrid, serial_shops, nicolae_shop_overgrown_old_shop
Vaults:5: serial_shops
Crypt:1:  layout_chaotic_city, uniq_zenata
Crypt:2:  layout_basic, basic_altar, minivault_14
Crypt:3:  lightli_unholy_cathedral, layout_chaotic_city,
          nicolae_tomb_entry_unfolded_pyramid_orthogonal, gammafunk_ghost_crypt
Tomb:1
Tomb:2
Tomb:3
Depths:1: layout_gridlike, enter_ziggurat_b, serial_curves, eino_curves_04,
          eino_curves_01, hell_entry, serial_shops, nicolae_shop_hallway_plus,
          dilly_guarded_unrand_elemental_staff, uniq_bai_suzhen, uniq_sojobo,
          uniq_norris
Depths:2: nzn_winding_woodlands_medium [nzn_winding_woodlands_5x5_three,
          nzn_winding_woodlands_5x15_lazy_stream,
          nzn_winding_woodlands_5x5_open_star, nzn_winding_woodlands_5x5_cross,
          nzn_winding_woodlands_center_garden, nzn_winding_woodlands_hourglass,
          nzn_winding_woodlands_5x5_checkerboard,
          nzn_winding_woodlands_5x15_crooked,
          nzn_winding_woodlands_5x5_closed_star], layout_cave_shapes,
          nicolae_the_louvre, serial_glass, glass_columns_b, glass_columns_c,
          item_on_display_a, grunt_pan_entry_spiral, hell_entry,
          hellmonk_guarded_unrand_salamander
Depths:3: minmay_the_grid_four_pointed_star
          [minmay_the_grid_triangle_9x9_thin_v,
          minmay_the_grid_triangle_9x9_cache,
          minmay_the_grid_triangle_9x9_dagger,
          minmay_the_grid_triangle_9x9_skeleton,
          minmay_the_grid_prize_big_room], layout_twisted_cross, abyss_entry,
          lightli_too_deep, wad_floor_pattern_2, firewood_loft
Depths:4: grunt_crosshair, layout_gridlike, grunt_hell_entry_dis_grunt,
          glass_columns_a, nemelex_xobeh_ov_fountains_minmay, minmay_shop_grove,
          grunt_megastairs_4
Hell
Dis:1:    layout_overlapping_boxes, nicolae_dis_emergency_hatch
Dis:2:    layout_regular_city
Dis:3:    layout_regular_city
Dis:4:    layout_jigsaw
Dis:5:    layout_jigsaw, lemuel_mystery_crypt
Dis:6:    grunt_dis_stairs_iron_hall
Dis:7:    dis_hangedman
Geh:1:    layout_gehenna_pools_basic
Geh:2:    layout_gehenna_lava_caves
Geh:3:    layout_gehenna_pools_box
Geh:4:    layout_gehenna_pools_triple
Geh:5:    layout_gehenna_lava_caves
Geh:6:    layout_gehenna_pools_triple, nicolae_geh_fiery_graves
          [nicolae_geh_single_fiery_grave, nicolae_geh_single_fiery_grave,
          nicolae_geh_single_fiery_grave, nicolae_geh_single_fiery_grave,
          nicolae_geh_single_fiery_grave, nicolae_geh_single_fiery_grave,
          nicolae_geh_single_fiery_grave, nicolae_geh_single_fiery_grave,
          nicolae_geh_single_fiery_grave]
Geh:7:    geh_hangedman
Coc:1:    layout_cocytus_delve
Coc:2:    layout_ice_bergs, nicolae_coc_statues_of_limitations
Coc:3:    layout_cocytus_water_paths
Coc:4:    layout_ice_bergs
Coc:5:    layout_ice_bergs
Coc:6:    layout_cocytus_water_paths
Coc:7:    coc_dpeg
Tar:1:    layout_honeycomb
Tar:2:    layout_grid_maze
Tar:3:    layout_grid_maze
Tar:6:    layout_grid_maze
Tar:7:    tar_old
Zot:1:    grunt_deathspiral_small, layout_cathedral_of_symmetry, uniq_tiamat
Zot:2:    hangedman_zot_vaults_quadrants, layout_onion_interference,
          regret_index_zotdec_silver_v_v_loose, uniq_josephina
Zot:3:    dreamdust_black_sun_cult, layout_onion_interference
Zot:4:    layout_basic, gammafunk_ghost_arena
Zot:5:    layout_twisted_circle, st_stairs_9, regret_index_zotdec_onion_hex

Skill      XL: |  1  2  3  4  5  6  7  8  9 10 11 12 13 14 15 16 17 18 19 20 21 22 23 24 25 26 27 |
---------------+----------------------------------------------------------------------------------+-----
Shields        | 3 4 5 6 7 8 9 10 11 12 13 15 16 20 27 | 27.0
Unarmed Combat | 3 4 5 6 7 9 11 12 14 15 17 19 21 22 24 26 27 | 27.0
Fighting       | 3 4 5 6 7 8 9 10 11 12 13 15 16 19 21 27 | 27.0
Dodging        | 3 4 5 6 7 8 9 27 | 27.0
Shapeshifting  | 11 16 19 22 23 25 | 25.0
Spellcasting   | 3 4 |  4.4
Translocations | 4 5 20 | 20.7
Air Magic      | 4 |  4.4
Evocations     | |  0.2

Action                     |  1- 3 |  4- 6 |  7- 9 | 10-12 | 13-15 | 16-18 | 19-21 | 22-24 | 25-27 || total
---------------------------+-------+-------+-------+-------+-------+-------+-------+-------+-------++-------
  Melee: Unarmed           |   104 |    99 |   264 |   551 |  1040 |  1142 |  1312 |  1347 |  5856 || 11715
         Headbutt          |       |       |    13 |   118 |   224 |   235 |   240 |   294 |   181 ||  1305
         Kick              |       |       |       |       |       |       |       |       |   134 ||   134
         Peck              |       |       |       |       |       |       |       |       |  1036 ||  1036
   Cast: Blink             |       |       |       |       |       |       |       |       |    10 ||    10
         Manifold Assault  |       |       |       |       |       |       |       |       |    13 ||    13
         Vhi's Electric Ch |       |       |       |       |       |       |       |       |     5 ||     5
 Invoke: Serpent's Lash    |       |       |       |     1 |     8 |    13 |     4 |     4 |    49 ||    79
         Heavenly Storm    |       |       |       |       |       |       |     1 |       |    13 ||    14
Ability: Lunge             |       |       |     6 |    45 |    65 |    86 |   113 |   116 |   451 ||   882
         Whirlwind         |       |       |     7 |    60 |   188 |   155 |   151 |   201 |  1297 ||  2059
         Wall Jump         |       |       |       |       |     1 |       |     1 |     2 |     2 ||     6
         Begin Untransform |       |       |       |       |       |       |     1 |       |       ||     1
  Evoke: Condenser vane    |       |       |       |       |     1 |       |     1 |       |     1 ||     3
         Wand              |       |       |       |       |       |       |       |       |     8 ||     8
         Phial of floods   |       |       |       |       |       |       |       |       |     2 ||     2
    Use: Scroll            |       |     1 |     2 |    21 |     1 |     5 |     4 |     4 |    44 ||    82
         Potion            |       |       |     3 |     9 |     1 |     2 |     2 |     3 |    57 ||    77
   Stab: Sleeping          |       |       |       |       |       |       |     1 |       |     1 ||     2
         Distracted        |       |       |       |       |       |       |       |     1 |     3 ||     4
         Invisible         |       |       |       |       |       |       |       |       |     9 ||     9
 Armour: Robe              |    68 |    25 |   104 |       |       |       |       |       |       ||   197
         Acid dragon scale |       |       |     3 |   249 |     6 |       |       |       |       ||   258
         Troll leather arm |       |       |       |       |   326 |   377 |       |       |       ||   703
         Skin              |       |       |       |       |       |   186 |  1025 |   836 |  3218 ||  5265
  Dodge: Dodged            |    53 |    38 |   128 |   238 |   378 |   442 |   701 |   635 |  2868 ||  5481
  Block: Kite shield       |    42 |    31 |   125 |   197 |   434 |   519 |   839 |   665 |  2997 ||  5849
         Reflection        |       |       |       |       |       |       |    69 |     8 |       ||    77
         Tower shield      |       |       |       |       |       |       |       |       |  1375 ||  1375
   Form: Statue            |       |       |       |       |       |     1 |     1 |     1 |     1 ||     4
                           |       |       |       |       |       |       |       |     1 |     1 ||     2

Table legend: (Time is in decaauts)
 A = Elapsed time spent in this place.
 B = Non-inter-level travel time spent in this place.
 C = Inter-level travel time spent in this place.
 D = Time resting spent in this place.
 E = Time spent auto-exploring this place.
 F = Levels seen in this place.
 G = Mean time per level.
                   A        B        C        D        E       F      G
               +--------+--------+--------+--------+--------+-----+--------+
         Total | 100528 |  85739 |  14789 |   6400 |  52868 | 116 |  866.6 |
       Dungeon |  13759 |  11298 |   2461 |    347 |   8371 |  15 |  917.3 |
        Temple |      1 |      1 |      0 |      0 |      0 |   1 |    1.0 |
          Lair |   5415 |   4324 |   1091 |     99 |   3421 |   5 | 1083.0 |
         Swamp |   3308 |   3031 |    277 |     77 |   2199 |   4 |  827.0 |
     Snake Pit |   5397 |   4664 |    733 |    508 |   2962 |   4 | 1349.2 |
    Slime Pits |   3640 |   3147 |    493 |      0 |   2520 |   5 |  728.0 |
  Orcish Mines |   1384 |   1228 |    156 |      0 |    924 |   2 |  692.0 |
   Elven Halls |   4562 |   3745 |    817 |    149 |   2373 |   3 | 1520.7 |
        Vaults |   9506 |   7462 |   2044 |     73 |   5712 |   5 | 1901.2 |
         Crypt |   3553 |   3027 |    526 |     61 |   2007 |   3 | 1184.3 |
          Tomb |   3604 |   2470 |   1134 |    818 |    490 |   3 | 1201.3 |
        Depths |   7528 |   5553 |   1975 |    270 |   4060 |   4 | 1882.0 |
          Hell |    977 |    700 |    277 |     57 |    348 |   1 |  977.0 |
           Dis |   4331 |   3774 |    557 |    724 |   1635 |   7 |  618.7 |
       Gehenna |   2043 |   1596 |    447 |    477 |    436 |   7 |  291.9 |
       Cocytus |   2456 |   2312 |    144 |    501 |    990 |   7 |  350.9 |
      Tartarus |   2854 |   2452 |    402 |    444 |   1288 |   5 |  570.8 |
           Zot |   8486 |   7235 |   1251 |    682 |   4751 |   5 | 1697.2 |
         Abyss |    489 |    489 |      0 |      0 |     49 |   2 |  244.5 |
   Pandemonium |  14752 |  14752 |      0 |    976 |   7270 |  17 |  867.8 |
      Ziggurat |    341 |    341 |      0 |      0 |     36 |   7 |   48.7 |
         Trove |    106 |    106 |      0 |      0 |      0 |   1 |  106.0 |
      Ice Cave |    787 |    787 |      0 |     14 |    353 |   1 |  787.0 |
        Wizlab |    603 |    603 |      0 |     87 |    319 |   1 |  603.0 |
      Gauntlet |    634 |    634 |      0 |     32 |    349 |   1 |  634.0 |
               +--------+--------+--------+--------+--------+-----+--------+

Top non-repeatable levels by time:
Vaults:3: 2510 daAuts
Depths:4: 2396 daAuts
   Zot:1: 2387 daAuts
  Tomb:1: 2227 daAuts
Vaults:1: 2109 daAuts
   Dis:7: 2104 daAuts
   Zot:2: 2103 daAuts
Depths:3: 2008 daAuts
   Elf:3: 1957 daAuts
Vaults:4: 1905 daAuts
   Coc:7: 1891 daAuts
    D:14: 1804 daAuts
 Crypt:3: 1779 daAuts
 Snake:4: 1711 daAuts
Vaults:2: 1695 daAuts
